 Dungeon Crawl Stone Soup version 0.29.0-4-gdea44cf6ec (webtiles) character file.

Game seed: 6379706826698788713

43518 qw the Warrior (level 13, 126/126 HPs)
             Began as a Minotaur Berserker on Sept 10, 2022.
             Was a High Priest of Trog.
             Quit the game on level 10 of the Dungeon.
             The game lasted 00:14:31 (21961 turns).

qw the Warrior (Minotaur Berserker)                Turns: 21961, Time: 00:14:31

Health: 126/126    AC: 27    Str: 26    XL:     13   Next: 91%
Magic:  12/12      EV: 14    Int:  4    God:    Trog [*****.]
Gold:   811        SH: 11    Dex: 11    Spells: 12/12 levels left

rFire   + . .      SeeInvis .   c - +0 war axe
rCold   . . .      Faith    .   f - +0 buckler
rNeg    + . .      Spirit   .   d - +2 plate armour {rN+}
rPois   .          Reflect  +   (helmet restricted)
rElec   .          Harm     .   u - +1 cloak {Stlth+}
rCorr   .          Rampage  .   p - +1 pair of gloves
Will    .....                   a - +2 pair of boots
Stlth   ..........              i - amulet of reflection
HPRegen 0.31/turn               j - ring of protection from fire
MPRegen 0.13/turn               o - +4 ring of evasion

@: no status effects
A: horns 2, retaliatory headbutt
a: Renounce Religion, Berserk, Trog's Hand, Brothers in Arms


You were on level 10 of the Dungeon.
You worshipped Trog.
Trog was extremely pleased with you.
You visited 2 branches of the dungeon, and saw 15 of its levels.

You collected 1350 gold pieces.
You spent 539 gold pieces at shops.


Innate Abilities, Weirdness & Mutations

You have a pair of horns on your head.
You reflexively headbutt those who attack you in melee.


   Skills:
 - Level 15.1 Fighting
 + Level 15.1 Axes
 - Level 8.0 Throwing
 - Level 13.7 Armour
 - Level 8.0 Dodging
 - Level 9.0 Shields


You had 12 spell levels left.
You didn't know any spells.
Your spell library was empty.

Inventory:

Hand Weapons
 c - a +0 war axe (weapon)
 l - a +0 eveningstar
Armour
 a - a +2 pair of boots (worn)
 d - a +2 plate armour of positive energy (worn)
 f - a +0 buckler (worn)
 p - a +1 pair of gloves (worn)
 u - a +1 cloak of stealth (worn)
Jewellery
 i - an amulet of reflection (around neck)
 j - a ring of protection from fire (left hand)
 o - a +4 ring of evasion (right hand)
 Y - a +6 ring of dexterity
Scrolls
 e - 5 scrolls of identify
Potions
 g - 8 potions of curing
 k - a potion of heal wounds
 n - a potion of haste
 q - 6 potions of might
 r - a potion of mutation
 v - a potion of resistance

Dungeon Overview and Level Annotations

Branches:
Dungeon (10/15)            Temple (0/1) D:4            Lair (5/5) D:8
  Swamp (0/4) Lair:2        Snake (0/4) Lair:2        Slime (0/5) Lair:5
    Orc: D:9-12

Altars:
Elyvilon
Makhleb
Sif Muna
Uskayaw
Vehumet
Xom
Jiyva
Lugonu

Shops:
D:3 !(!*   D:8 *   D:10 (

Portals:
Abyss: Lair:5

Annotations:
D:9 1 runed translucent door, qw's ghost, novice GrFi
Lair:5 1 runed translucent door


Message History

21947 ||| Stepping randomly (stuck).
There are monsters nearby!
There are monsters nearby!
21948 ||| Stepping randomly (stuck).
There are monsters nearby!
There are monsters nearby!
21949 ||| Stepping randomly (stuck).
There are monsters nearby!
There are monsters nearby!
21950 ||| Stepping randomly (stuck).
A centaur warrior is nearby!
A centaur warrior is nearby!
21951 ||| Stepping randomly (stuck).
There are monsters nearby!
There are monsters nearby!
21953 ||| Stepping randomly (stuck).
There are monsters nearby!
There are monsters nearby!
21954 ||| Stepping randomly (stuck).
There are monsters nearby!
There are monsters nearby!
21955 ||| Stepping randomly (stuck).
There are monsters nearby!
There are monsters nearby!
21956 ||| Stepping randomly (stuck).
A centaur warrior is nearby!
A centaur warrior is nearby!
21957 ||| Stepping randomly (stuck).
There are monsters nearby!
There are monsters nearby!
21958 ||| Stepping randomly (stuck).
A centaur warrior is nearby!
A centaur warrior is nearby!
21959 ||| Stepping randomly (stuck).
There are monsters nearby!
There are monsters nearby!
21960 ||| Stepping randomly (stuck).
A centaur warrior is nearby!
A centaur warrior is nearby!
Are you sure you want to abandon this character and quit the game? (Confirm with "yes".)

...#..#####..#####..#....#.......
...#......#..#...$..#....#.......
.=.# .....#..#......#############
.#######.W#..#..#####....##.....#
## #.....D#./#......#............
#....Cc#..#..[...#.....[.....#
#..#####..#####..#.....).....#
#......#..#.....:#...........#
#......#..#?.@...#...........#
#####..#..#..#####....#####'##
#......#..#......#....##.....#
#......#..#......#...........#
####..#####.)#####..#...........#
..##........))......#...........#
#..#................#............
#..##################)...........
#..............#...#.............


You could see an eight-headed hydra and a centaur warrior.

Vanquished Creatures
  3 hydras
  A catoblepas (Lair:4)
  A catoblepas (shapeshifter) (Lair:5)
  A boulder beetle (Lair:3)
  Erica (D:8)
  4 two-headed ogres
  3 thrashing horrors (Lair:5)
  Amaemon (D:8)
  A lindwurm (Lair:5)
  2 ugly things
  A manticore (D:10)
  Maurice (D:8)
  2 large abominations (Lair:5)
  17 elephants
  3 black mambas
  An orange demon (D:8)
  3 komodo dragons
  Maggie (D:8)
  8 cane toads
  3 rime drakes
  An ancient zyme (Lair:5)
  3 polar bears
  A merfolk (shapeshifter) (Lair:5)
  3 hornets
  26 blink frogs
  4 dream sheep (Lair:5)
  A culicivora (shapeshifter) (Lair:5)
  2 ynoxinuls (Lair:5)
  A spriggan (Lair:5)
  6 wyverns
  23 yaks
  A vampire (D:10)
  2 basilisks
  A steam dragon (Lair:3)
  2 chaos spawn (Lair:5)
  An acid dragon (D:10)
  9 small abominations (Lair:5)
  13 water moccasins
  2 ice beasts (D:7)
  An orc warrior (D:10)
  2 black bears
  2 ogres
  4 centaurs
  3 kobold brigands
  16 bullfrogs
  2 gnoll sergeants
  3 scorpions
  19 wights
  21 killer bees
  3 electric eels
  6 howler monkeys
  A crimson imp (D:7)
  4 hounds
  3 jellies
  7 orc priests
  2 iguanas
  6 orc wizards
  8 gnolls
  9 adders
  A shadow imp (D:5)
  An ufetubus (D:5)
  4 worms
  A dart slug (D:4)
  21 orcs
  6 ball pythons
  4 endoplasms
  5 giant cockroaches
  11 goblins
  6 hobgoblins
  3 jackals (D:2)
  5 quokkas
  3 training dummies (D:10)
  4 bats (D:2)
  6 frilled lizards
  46 kobolds
  7 rats
416 creatures vanquished.

Vanquished Creatures (collateral kills)
  Sonja (D:10)
1 creature vanquished.

Vanquished Creatures (others)
  A water moccasin (Lair:4)
  25 fungi
  72 plants
98 creatures vanquished.

Grand Total: 515 creatures vanquished

Notes
Turn   | Place    | Note
-------+----------+-------------------------------------------
     0 | D:1      | qw the Minotaur Berserker began the quest for the Orb.
     0 | D:1      | Reached XP level 1. HP: 19/19 MP: 0/0
     0 | D:1      | 0 ||| qw: Version: 0.1-a-116-g5d60599
     0 | D:1      | 0 ||| qw: Game counter: 7423
     0 | D:1      | 0 ||| qw: Always use a shield: true
     0 | D:1      | 0 ||| qw: Do Orc after D:15 true
     0 | D:1      | 0 ||| qw: Do second Lair branch before Depths: true
     0 | D:1      | 0 ||| qw: Lair rune preference: random
     0 | D:1      | 0 ||| qw: Plans: Normal
     0 | D:1      | 0 ||| PLANNING D:1-11
   292 | D:1      | Reached XP level 2. HP: 17/26 MP: 1/1
   466 | D:1      | 466 ||| INVOKING Berserk.
   674 | D:1      | Found a faded altar of an unknown god.
   785 | D:1      | 785 ||| Stepping ~*~*~tactically~*~*~ (stealth).
   817 | D:1      | 817 ||| Stepping ~*~*~tactically~*~*~ (stealth).
   819 | D:1      | 819 ||| Stepping ~*~*~tactically~*~*~ (stealth).
   831 | D:1      | Reached XP level 3. HP: 28/31 MP: 2/2
  1177 | D:1      | 1177 ||| UPGRADING to +0 plate armour.
  1187 | D:1      | 1187 ||| DROPPING +0 animal skin.
  1188 | D:1      | 1188 ||| UPGRADING to amulet of reflection.
  1193 | D:1      | 1193 ||| READING 2 scrolls labelled OXZOFERUFU.
  1194 | D:1      | 1194 ||| READING scroll labelled EFORIO NYAJYGH.
  1195 | D:1      | 1195 ||| READING scroll labelled NACUAB WICH.
  1196 | D:1      | 1196 ||| READING scroll labelled LIDWUM QIGAIN.
  1197 | D:1      | 1197 ||| DRINKING 2 fizzy red potions.
  1198 | D:1      | 1198 ||| DRINKING 2 viscous cyan potions.
  1299 | D:1      | 1299 ||| DROPPING scroll of immolation.
  1300 | D:1      | 1300 ||| DROPPING potion of degeneration.
  1301 | D:1      | 1301 ||| DROPPING potion of ambrosia.
  1430 | D:2      | 1430 ||| DROPPING +0 whip.
  1570 | D:2      | 1570 ||| Stepping ~*~*~tactically~*~*~ (stealth).
  1638 | D:2      | 1638 ||| Stepping ~*~*~tactically~*~*~ (stealth).
  1700 | D:2      | Found a hide-covered altar of Uskayaw.
  1865 | D:2      | Reached ** piety under Trog
  1986 | D:2      | 1986 ||| Stepping ~*~*~tactically~*~*~ (stealth).
  1988 | D:2      | 1988 ||| Stepping ~*~*~tactically~*~*~ (stealth).
  1990 | D:2      | 1990 ||| Stepping ~*~*~tactically~*~*~ (stealth).
  2149 | D:2      | 2149 ||| DROPPING +3 mace.
  2232 | D:2      | 2232 ||| Stepping ~*~*~tactically~*~*~ (stealth).
  2236 | D:2      | 2236 ||| Stepping ~*~*~tactically~*~*~ (stealth).
  2241 | D:2      | 2241 ||| Stepping ~*~*~tactically~*~*~ (stealth).
  2247 | D:2      | 2247 ||| Stepping ~*~*~tactically~*~*~ (stealth).
  2251 | D:2      | 2251 ||| Stepping ~*~*~tactically~*~*~ (stealth).
  2254 | D:2      | 2254 ||| Stepping ~*~*~tactically~*~*~ (stealth).
  2257 | D:2      | Reached XP level 4. HP: 39/39 MP: 3/3
  2262 | D:2      | Reached skill level 6 in Axes
  2262 | D:2      | 2262 ||| Stepping ~*~*~tactically~*~*~ (stealth).
  2263 | D:2      | 2263 ||| Stepping ~*~*~tactically~*~*~ (stealth).
  2449 | D:2      | 2449 ||| UPGRADING to +6 ring of intelligence.
  2450 | D:2      | 2450 ||| READING scroll labelled TOLLEU EQARHA.
  2451 | D:2      | 2451 ||| READING scroll labelled INO TOFFITASOM.
  2589 | D:2      | 2589 ||| DRINKING 2 pink potions.
  2663 | D:3      | Identified the +11 short sword of Strategic Superiority
                  | {vorpal, Will+}
  2810 | D:3      | 2810 ||| DROPPING +0 flail.
  2861 | D:3      | Found a hide-covered altar of Uskayaw.
  3105 | D:3      | Found Baruobil's Assorted Antiques.
  3114 | D:3      | 3114 ||| BUYING metallic golden potion (26 gold).
  3114 | D:3      | Bought a metallic golden potion for 26 gold pieces
  3114 | D:3      | 3114 ||| BUYING potion of curing (87 gold).
  3114 | D:3      | Bought a potion of curing for 87 gold pieces
  3114 | D:3      | 3114 ||| SHOPLISTING potion of curing (87 gold, have 61).
  3114 | D:3      | 3114 ||| BUYING scroll labelled ULYOC BACWO (29 gold).
  3114 | D:3      | Bought a scroll labelled ULYOC BACWO for 29 gold pieces
  3114 | D:3      | 3114 ||| SHOPLISTING war axe (101 gold, have 32).
  3238 | D:3      | Found a shimmering blue altar of Sif Muna.
  3305 | D:3      | Found Siza's Distillery.
  3328 | D:3      | 3328 ||| BUYING potion of curing (42 gold).
  3328 | D:3      | Bought a potion of curing for 42 gold pieces
  3328 | D:3      | 3328 ||| BUYING potion of curing (42 gold).
  3328 | D:3      | Bought a potion of curing for 42 gold pieces
  3328 | D:3      | 3328 ||| SHOPLISTING potion of haste (140 gold, have 50).
  3328 | D:3      | 3328 ||| SHOPLISTING potion of heal wounds (70 gold, have
                  | 50).
  3349 | D:3      | Found Pehub's Weapon Shoppe.
  3355 | D:3      | Found Gijohim's Distillery.
  3378 | D:3      | 3378 ||| BUYING 2 potions of curing (66 gold).
  3378 | D:3      | Bought 2 potions of curing for 66 gold pieces
  3378 | D:3      | 3378 ||| BUYING potion of curing (33 gold).
  3378 | D:3      | Bought a potion of curing for 33 gold pieces
  3378 | D:3      | 3378 ||| SHOPLISTING potion of curing (33 gold, have 28).
  3378 | D:3      | 3378 ||| SHOPLISTING potion of haste (110 gold, have 28).
  3378 | D:3      | 3378 ||| SHOPLISTING potion of heal wounds (55 gold, have
                  | 28).
  3574 | D:3      | 3574 ||| Stepping ~*~*~tactically~*~*~ (stealth).
  3576 | D:3      | 3576 ||| Stepping ~*~*~tactically~*~*~ (stealth).
  3577 | D:3      | 3577 ||| Stepping ~*~*~tactically~*~*~ (stealth).
  3578 | D:3      | 3578 ||| Stepping ~*~*~tactically~*~*~ (stealth).
  3585 | D:3      | 3585 ||| Stepping ~*~*~tactically~*~*~ (stealth).
  3587 | D:3      | 3587 ||| Stepping ~*~*~tactically~*~*~ (stealth).
  3636 | D:3      | 3636 ||| FLEEEEING.
  3726 | D:3      | 3726 ||| Stepping ~*~*~tactically~*~*~ (stealth).
  3729 | D:3      | 3729 ||| Stepping ~*~*~tactically~*~*~ (stealth).
  3816 | D:3      | 3816 ||| UPGRADING to +2 pair of boots.
  3821 | D:3      | 3821 ||| UPGRADING to +0 cloak.
  3826 | D:3      | 3826 ||| DROPPING amulet of regeneration.
  3827 | D:3      | 3827 ||| READING 2 scrolls labelled GEXTUHY PEME.
  3832 | D:3      | 3832 ||| READING scroll labelled LUFI AR SORUH.
  3833 | D:3      | 3833 ||| READING scroll labelled VER AFIKAPN.
  3834 | D:3      | 3834 ||| READING scroll labelled ULYOC BACWO.
  3835 | D:3      | 3835 ||| READING 3 scrolls of identify.
  3835 | D:3      | 3835 ||| IDENTIFYING fuming orange potion
  3836 | D:3      | 3836 ||| READING 2 scrolls of identify.
  3836 | D:3      | 3836 ||| IDENTIFYING bubbling grey potion
  3837 | D:3      | 3837 ||| DROPPING potion of lignification.
  3870 | D:4      | Noticed an ogre
  3875 | D:4      | 3875 ||| INVOKING Berserk.
  3879 | D:4      | Killed an ogre
  3880 | D:4      | Reached XP level 5. HP: 43/45 MP: 4/4
  3945 | D:4      | 3945 ||| FLEEEEING.
  3947 | D:4      | 3947 ||| Stepping ~*~*~tactically~*~*~ (stealth).
  3955 | D:4      | 3955 ||| Stepping ~*~*~tactically~*~*~ (stealth).
  4048 | D:4      | Found a staircase to the Ecumenical Temple.
  4160 | D:4      | Reached XP level 6. HP: 52/52 MP: 5/5
  4506 | D:4      | 4506 ||| Stepping ~*~*~tactically~*~*~ (hiding).
  4507 | D:4      | 4507 ||| Stepping ~*~*~tactically~*~*~ (hiding).
  4973 | D:4      | 4973 ||| UPGRADING to +4 ring of evasion.
  4974 | D:4      | 4974 ||| READING scroll labelled TABIEXKILA.
  4975 | D:4      | 4975 ||| DRINKING 2 metallic golden potions.
  4976 | D:4      | 4976 ||| DRINKING 2 fizzy clear potions.
  4977 | D:4      | 4977 ||| DROPPING potion of invisibility.
  5040 | D:5      | Entered Level 5 of the Dungeon
  5119 | D:5      | Noticed a two-headed ogre
  5123 | D:5      | 5123 ||| INVOKING Berserk.
  5127 | D:5      | Killed a two-headed ogre
  5128 | D:5      | Reached XP level 7. HP: 59/59 MP: 6/6
  5262 | D:5      | Reached XP level 8. HP: 59/66 MP: 7/7
  5333 | D:5      | Found a radiant altar of Vehumet.
  5383 | D:5      | 5383 ||| INVOKING Berserk.
  5608 | D:5      | 5608 ||| INVOKING Berserk.
  5616 | D:5      | Reached skill level 6 in Fighting
  5621 | D:5      | Reached *** piety under Trog
  6007 | D:5      | 6007 ||| UPGRADING to +6 ring of dexterity.
  6009 | D:5      | 6009 ||| DROPPING ring of positive energy.
  6010 | D:5      | 6010 ||| DROPPING +6 ring of intelligence.
  6011 | D:5      | 6011 ||| READING 4 scrolls of identify.
  6011 | D:5      | 6011 ||| IDENTIFYING sapphire potion
  6012 | D:5      | 6012 ||| READING 3 scrolls of identify.
  6012 | D:5      | 6012 ||| IDENTIFYING fuming green potion
  6013 | D:5      | 6013 ||| READING 2 scrolls of identify.
  6013 | D:5      | 6013 ||| IDENTIFYING fizzy dark potion
  6014 | D:5      | 6014 ||| DROPPING potion of brilliance.
  6070 | D:6      | 6070 ||| INVOKING Berserk.
  6073 | D:6      | Reached skill level 3 in Dodging
  6102 | D:6      | 6102 ||| FLEEEEING.
  6103 | D:6      | 6103 ||| STAIRDANCE
  6182 | D:6      | Identified the +5 ring mail of Jigsaw {rElec Dex+4}
  6192 | D:6      | 6192 ||| READING scroll of brand weapon.
  6192 | D:6      | 6192 ||| BRANDING +0 hand axe of venom.
  6193 | D:6      | 6193 ||| Stepping ~*~*~tactically~*~*~ (stealth).
  6260 | D:6      | Reached skill level 12 in Axes
  6440 | D:6      | Reached skill level 6 in Armour
  6447 | D:6      | Reached XP level 9. HP: 69/75 MP: 8/8
  6654 | D:6      | 6654 ||| READING 4 scrolls labelled BIM CISERON.
  6655 | D:6      | 6655 ||| READING 2 scrolls of identify.
  6655 | D:6      | 6655 ||| IDENTIFYING purple potion
  6656 | D:6      | 6656 ||| DROPPING 3 scrolls of fear.
  6657 | D:6      | 6657 ||| DROPPING potion of berserk rage.
  6928 | D:7      | 6928 ||| INVOKING Berserk.
  6960 | D:7      | 6960 ||| Stepping ~*~*~tactically~*~*~ (stealth).
  6977 | D:7      | 6977 ||| Stepping ~*~*~tactically~*~*~ (stealth).
  7008 | D:7      | Found a burning altar of Makhleb.
  7009 | D:7      | Found a shimmering altar of Xom.
  7109 | D:7      | 7109 ||| Stepping ~*~*~tactically~*~*~ (stealth).
  7119 | D:7      | 7119 ||| DRINKING 8 potions of curing.
  7119 | D:7      | 7119 ||| (to cure confusion)
  7120 | D:7      | 7120 ||| DRINKING 7 potions of curing.
  7120 | D:7      | 7120 ||| (to cure confusion)
  7132 | D:7      | 7132 ||| Stepping ~*~*~tactically~*~*~ (stealth).
  7134 | D:7      | 7134 ||| Stepping ~*~*~tactically~*~*~ (stealth).
  7312 | D:7      | Identified the +3 quarterstaff "Deuc" {vorpal, Str+8 Int-3
                  | Dex+4 Stlth-}
  7380 | D:7      | 7380 ||| Stepping ~*~*~tactically~*~*~ (hiding).
  7449 | D:8      | Noticed Maurice
  7467 | D:8      | Noticed Erica
  7473 | D:8      | Killed Maurice
  7489 | D:8      | HP: 16/82 [something/lance of force (19)]
  7498 | D:8      | Killed Erica
  7498 | D:8      | Reached **** piety under Trog
  7499 | D:8      | Reached XP level 10. HP: 19/90 MP: 9/9
  7895 | D:8      | Found Ezxeumy's General Store.
  7904 | D:8      | 7904 ||| BUYING +1 cloak of stealth (214 gold).
  7904 | D:8      | Bought a +1 cloak of stealth for 214 gold pieces
  7914 | D:8      | Noticed Maggie
  7935 | D:8      | Killed Maggie
  8026 | D:8      | Noticed an orange demon
  8027 | D:8      | 8027 ||| Stepping ~*~*~tactically~*~*~ (hiding).
  8029 | D:8      | 8029 ||| Stepping ~*~*~tactically~*~*~ (hiding).
  8045 | D:8      | Killed an orange demon
  8086 | D:8      | Noticed Amaemon
  8087 | D:8      | 8087 ||| Stepping ~*~*~tactically~*~*~ (stealth).
  8105 | D:8      | 8105 ||| Stepping ~*~*~tactically~*~*~ (hiding).
  8108 | D:8      | 8108 ||| Stepping ~*~*~tactically~*~*~ (hiding).
  8111 | D:8      | 8111 ||| INVOKING Berserk.
  8118 | D:8      | Killed Amaemon
  8119 | D:8      | Reached skill level 9 in Fighting
  8256 | D:8      | 8256 ||| Stepping ~*~*~tactically~*~*~ (stealth).
  8266 | D:8      | 8266 ||| Stepping ~*~*~tactically~*~*~ (hiding).
  8341 | D:8      | 8341 ||| FLEEEEING.
  8422 | D:8      | 8422 ||| Stepping ~*~*~tactically~*~*~ (stealth).
  8509 | D:8      | Noticed an elephant
  8512 | D:8      | 8512 ||| Stepping ~*~*~tactically~*~*~ (hiding).
  8519 | D:8      | 8519 ||| Stepping ~*~*~tactically~*~*~ (hiding).
  8525 | D:8      | 8525 ||| INVOKING Berserk.
  8532 | D:8      | Found a staircase to the Lair.
  8533 | D:8      | Killed an elephant
  8534 | D:8      | Reached skill level 9 in Armour
  8561 | D:8      | 8561 ||| DRINKING potion of cancellation.
  8816 | D:8      | 8816 ||| PLANNING LAIR
  8816 | D:8      | 8816 ||| UPGRADING to +0 pair of gloves.
  8821 | D:8      | 8821 ||| UPGRADING to +1 cloak of stealth.
  8831 | D:8      | 8831 ||| DROPPING +0 cloak.
  8832 | D:8      | 8832 ||| DROPPING amulet of guardian spirit.
  8833 | D:8      | 8833 ||| READING scroll labelled XYRGHE IVOWOMP.
  8834 | D:8      | 8834 ||| READING scroll labelled OCODGH FOSYEMI.
  9018 | Lair:1   | Entered Level 1 of the Lair of Beasts
  9049 | Lair:1   | 9049 ||| INVOKING Berserk.
  9053 | Lair:1   | Reached XP level 11. HP: 101/101 MP: 10/10
  9549 | Lair:1   | 9549 ||| INVOKING Berserk.
  9562 | Lair:1   | 9562 ||| Stepping ~*~*~tactically~*~*~ (stealth).
  9565 | Lair:1   | 9565 ||| Stepping ~*~*~tactically~*~*~ (stealth).
  9805 | Lair:1   | 9805 ||| INVOKING Berserk.
  9971 | Lair:1   | 9971 ||| INVOKING Berserk.
  9975 | Lair:1   | Reached skill level 3 in Throwing
 10151 | Lair:1   | 10151 ||| DRINKING 2 white potions.
 10152 | Lair:1   | 10152 ||| READING 3 scrolls of identify.
 10152 | Lair:1   | 10152 ||| IDENTIFYING fuming emerald potion
 10153 | Lair:1   | 10153 ||| READING 2 scrolls of identify.
 10153 | Lair:1   | 10153 ||| IDENTIFYING smoky white potion
 10154 | Lair:1   | 10154 ||| DROPPING potion of flight.
 10173 | Lair:2   | 10173 ||| INVOKING Berserk.
 10186 | Lair:2   | 10186 ||| STAIRDANCE
 10306 | Lair:2   | 10306 ||| Stepping ~*~*~tactically~*~*~ (stealth).
 10316 | Lair:2   | 10316 ||| INVOKING Berserk.
 10333 | Lair:2   | Reached skill level 6 in Dodging
 10512 | Lair:2   | 10512 ||| INVOKING Berserk.
 10732 | Lair:2   | 10732 ||| FLEEEEING.
 10733 | Lair:2   | 10733 ||| INVOKING Berserk.
 10913 | Lair:2   | Found a staircase to the Swamp.
 10919 | Lair:2   | 10919 ||| INVOKING Berserk.
 10928 | Lair:2   | Reached skill level 6 in Throwing
 11050 | Lair:2   | Found a staircase to the Snake Pit.
 11095 | Lair:2   | 11095 ||| INVOKING Berserk.
 11404 | Lair:2   | 11404 ||| READING 2 scrolls labelled NUDADE WIENT.
 11405 | Lair:2   | 11405 ||| DROPPING scroll of vulnerability.
 11437 | Lair:3   | Noticed a boulder beetle
 11444 | Lair:3   | 11444 ||| INVOKING Berserk.
 11496 | Lair:3   | 11496 ||| INVOKING Berserk.
 11498 | Lair:3   | Killed a boulder beetle
 11658 | Lair:3   | 11658 ||| INVOKING Berserk.
 11794 | Lair:3   | Reached skill level 12 in Fighting
 11877 | Lair:3   | Noticed a four-headed hydra
 11878 | Lair:3   | 11878 ||| Stepping ~*~*~tactically~*~*~ (stealth).
 11881 | Lair:3   | 11881 ||| SWAPPING to +0 eveningstar.
 11882 | Lair:3   | 11882 ||| INVOKING Berserk.
 11888 | Lair:3   | Killed a four-headed hydra
 11895 | Lair:3   | 11895 ||| SWAPPING to +0 hand axe of freezing.
 11918 | Lair:3   | Reached skill level 12 in Armour
 11918 | Lair:3   | Reached XP level 12. HP: 32/112 MP: 11/11
 11949 | Lair:3   | 11949 ||| Stepping ~*~*~tactically~*~*~ (stealth).
 11952 | Lair:3   | 11952 ||| INVOKING Berserk.
 12273 | Lair:3   | Identified the +6 long sword "Ciydiu" {drain, rCorr MP+9
                  | Int-5}
 12311 | Lair:3   | 12311 ||| Stepping ~*~*~tactically~*~*~ (hiding).
 12315 | Lair:3   | 12315 ||| INVOKING Berserk.
 12966 | Lair:3   | 12966 ||| Stepping ~*~*~tactically~*~*~ (stealth).
 12989 | Lair:3   | 12989 ||| UPGRADING to +0 buckler.
 13012 | Lair:4   | 13012 ||| INVOKING Berserk.
 13019 | Lair:4   | Reached skill level 1 in Shields
 13033 | Lair:4   | Reached skill level 3 in Shields
 13292 | Lair:4   | 13292 ||| Stepping ~*~*~tactically~*~*~ (stealth).
 13294 | Lair:4   | 13294 ||| INVOKING Berserk.
 13304 | Lair:4   | Reached skill level 6 in Shields
 13479 | Lair:4   | Noticed a catoblepas
 13481 | Lair:4   | 13481 ||| Stepping ~*~*~tactically~*~*~ (hiding).
 13488 | Lair:4   | 13488 ||| Stepping ~*~*~tactically~*~*~ (cloud).
 13489 | Lair:4   | 13489 ||| INVOKING Berserk.
 13496 | Lair:4   | Killed a catoblepas
 13623 | Lair:4   | 13623 ||| Stepping ~*~*~tactically~*~*~ (stealth).
 13630 | Lair:4   | 13630 ||| INVOKING Berserk.
 13694 | Lair:4   | 13694 ||| Stepping ~*~*~tactically~*~*~ (stealth).
 13701 | Lair:4   | 13701 ||| INVOKING Berserk.
 13783 | Lair:4   | Noticed an eight-headed hydra
 13784 | Lair:4   | 13784 ||| Stepping ~*~*~tactically~*~*~ (stealth).
 13785 | Lair:4   | 13785 ||| Stepping ~*~*~tactically~*~*~ (stealth).
 13914 | Lair:4   | 13914 ||| INVOKING Berserk.
 13922 | Lair:4   | Reached skill level 9 in Shields
 14142 | Lair:4   | 14142 ||| INVOKING Brothers in Arms.
 14143 | Lair:4   | 14143 ||| INVOKING Brothers in Arms.
 14144 | Lair:4   | 14144 ||| INVOKING Brothers in Arms.
 14145 | Lair:4   | 14145 ||| INVOKING Brothers in Arms.
 14146 | Lair:4   | 14146 ||| SWAPPING to +0 eveningstar.
 14147 | Lair:4   | 14147 ||| INVOKING Berserk.
 14149 | Lair:4   | Killed an eight-headed hydra
 14177 | Lair:4   | 14177 ||| SWAPPING to +0 hand axe of freezing.
 14617 | Lair:4   | 14617 ||| READING scroll labelled WACOATZ PUISO.
 14618 | Lair:4   | 14618 ||| READING 5 scrolls of identify.
 14618 | Lair:4   | 14618 ||| IDENTIFYING golden potion
 14619 | Lair:4   | 14619 ||| DROPPING potion of attraction.
 14620 | Lair:4   | 14620 ||| READING 8 scrolls of teleportation.
 14626 | Lair:5   | Entered Level 5 of the Lair of Beasts
 14634 | Lair:5   | 14634 ||| INVOKING Berserk.
 15034 | Lair:5   | 15034 ||| FLEEEEING.
 15035 | Lair:5   | 15035 ||| FLEEEEING.
 15036 | Lair:5   | 15036 ||| FLEEEEING.
 15037 | Lair:5   | 15037 ||| FLEEEEING.
 15038 | Lair:5   | 15038 ||| FLEEEEING.
 15039 | Lair:5   | 15039 ||| FLEEEEING.
 15040 | Lair:5   | 15040 ||| FLEEEEING.
 15041 | Lair:5   | 15041 ||| FLEEEEING.
 15042 | Lair:5   | 15042 ||| FLEEEEING.
 15043 | Lair:5   | 15043 ||| FLEEEEING.
 15043 | Lair:5   | Noticed a seven-headed hydra
 15045 | Lair:5   | 15045 ||| SWAPPING to +0 eveningstar.
 15046 | Lair:5   | 15046 ||| INVOKING Berserk.
 15050 | Lair:5   | Killed a seven-headed hydra
 15051 | Lair:5   | Reached XP level 13. HP: 122/122 MP: 12/12
 15068 | Lair:5   | 15068 ||| SWAPPING to +0 hand axe of freezing.
 15077 | Lair:5   | HP: 30/122 [poisoned by a cane toad]
 15078 | Lair:5   | 15078 ||| READING 7 scrolls of teleportation.
 15079 | Lair:5   | HP: 12/122 [dream sheep (4)]
 15080 | Lair:5   | 15080 ||| DRINKING 3 potions of heal wounds.
 15082 | Lair:5   | 15082 ||| DRINKING 2 potions of heal wounds.
 15110 | Lair:5   | 15110 ||| Stepping ~*~*~tactically~*~*~ (stealth).
 15111 | Lair:5   | 15111 ||| Stepping ~*~*~tactically~*~*~ (stealth).
 15133 | Lair:5   | 15133 ||| Stepping ~*~*~tactically~*~*~ (stealth).
 15325 | Lair:5   | 15325 ||| Stepping ~*~*~tactically~*~*~ (stealth).
 15392 | Lair:5   | 15392 ||| Stepping ~*~*~tactically~*~*~ (stealth).
 15393 | Lair:5   | 15393 ||| Stepping ~*~*~tactically~*~*~ (stealth).
 15395 | Lair:5   | 15395 ||| INVOKING Berserk.
 15478 | Lair:5   | 15478 ||| INVOKING Berserk.
 15574 | Lair:5   | 15574 ||| Stepping ~*~*~tactically~*~*~ (stealth).
 15651 | Lair:5   | 15651 ||| Stepping ~*~*~tactically~*~*~ (stealth).
 15766 | Lair:5   | 15766 ||| INVOKING Berserk.
 15821 | Lair:5   | 15821 ||| Stepping ~*~*~tactically~*~*~ (cloud).
 15825 | Lair:5   | 15825 ||| Stepping ~*~*~tactically~*~*~ (cloud).
 15828 | Lair:5   | 15828 ||| Stepping ~*~*~tactically~*~*~ (cloud).
 15829 | Lair:5   | 15829 ||| INVOKING Berserk.
 15876 | Lair:5   | 15876 ||| FLEEEEING.
 15877 | Lair:5   | 15877 ||| FLEEEEING.
 15878 | Lair:5   | 15878 ||| FLEEEEING.
 15879 | Lair:5   | 15879 ||| FLEEEEING.
 15880 | Lair:5   | 15880 ||| FLEEEEING.
 15881 | Lair:5   | 15881 ||| FLEEEEING.
 15882 | Lair:5   | 15882 ||| FLEEEEING.
 15883 | Lair:5   | 15883 ||| FLEEEEING.
 15884 | Lair:5   | 15884 ||| FLEEEEING.
 15886 | Lair:5   | 15886 ||| FLEEEEING.
 15887 | Lair:5   | 15887 ||| FLEEEEING.
 15888 | Lair:5   | 15888 ||| FLEEEEING.
 15889 | Lair:5   | 15889 ||| FLEEEEING.
 15890 | Lair:5   | 15890 ||| FLEEEEING.
 15891 | Lair:5   | 15891 ||| FLEEEEING.
 15892 | Lair:5   | 15892 ||| FLEEEEING.
 15893 | Lair:5   | 15893 ||| STAIRDANCE
 15990 | Lair:4   | 15990 ||| DROPPING ring of willpower.
 15991 | Lair:4   | 15991 ||| READING 4 scrolls of identify.
 15991 | Lair:4   | 15991 ||| IDENTIFYING green potion
 15992 | Lair:4   | 15992 ||| DROPPING potion of magic.
 16009 | Lair:5   | 16009 ||| STAIRDANCE
 16083 | Lair:5   | 16083 ||| FLEEEEING.
 16084 | Lair:5   | 16084 ||| FLEEEEING.
 16085 | Lair:5   | 16085 ||| FLEEEEING.
 16086 | Lair:5   | 16086 ||| FLEEEEING.
 16087 | Lair:5   | 16087 ||| FLEEEEING.
 16088 | Lair:5   | 16088 ||| INVOKING Berserk.
 16093 | Lair:5   | 16093 ||| STAIRDANCE
 16264 | Lair:5   | Found a runed translucent door.
 16264 | Lair:5   | Found a viscous altar of Jiyva.
 16264 | Lair:5   | Noticed an azure jelly
 16265 | Lair:5   | Found a staircase to the Slime Pits.
 16265 | Lair:5   | Noticed an azure jelly
 16668 | Lair:5   | 16668 ||| Stepping ~*~*~tactically~*~*~ (stealth).
 16671 | Lair:5   | 16671 ||| INVOKING Berserk.
 16763 | Lair:5   | 16763 ||| INVOKING Berserk.
 17096 | Lair:5   | 17096 ||| INVOKING Berserk.
 17098 | Lair:5   | Reached skill level 15 in Fighting
 17351 | Lair:5   | Found a corrupted altar of Lugonu.
 17354 | Lair:5   | Found a one-way gate to the infinite horrors of the Abyss.
 17516 | Lair:5   | 17516 ||| PLANNING D:1-11
 17516 | Lair:5   | 17516 ||| UPGRADING to +2 plate armour of positive energy.
 17526 | Lair:5   | 17526 ||| DROPPING +0 plate armour.
 17527 | Lair:5   | 17527 ||| UPGRADING to +1 pair of gloves.
 17537 | Lair:5   | 17537 ||| DROPPING +0 pair of gloves.
 17538 | Lair:5   | 17538 ||| UPGRADING to ring of protection from fire.
 17705 | D:9      | 17705 ||| Stepping ~*~*~tactically~*~*~ (stealth).
 17712 | D:9      | 17712 ||| Stepping ~*~*~tactically~*~*~ (hiding).
 17797 | D:9      | 17797 ||| SWAPPING to +3 hand axe.
 17798 | D:9      | 17798 ||| DROPPING +0 hand axe of freezing.
 17836 | D:9      | 17836 ||| Stepping ~*~*~tactically~*~*~ (hiding).
 17837 | D:9      | 17837 ||| Stepping ~*~*~tactically~*~*~ (hiding).
 17944 | D:9      | Found a runed translucent door.
 17954 | D:9      | 17954 ||| Stepping ~*~*~tactically~*~*~ (stealth).
 17955 | D:9      | 17955 ||| Stepping ~*~*~tactically~*~*~ (stealth).
 17956 | D:9      | 17956 ||| Stepping ~*~*~tactically~*~*~ (stealth).
 17996 | D:9      | 17996 ||| Stepping ~*~*~tactically~*~*~ (stealth).
 18044 | D:9      | 18044 ||| Stepping ~*~*~tactically~*~*~ (stealth).
 18079 | D:9      | 18079 ||| Stepping ~*~*~tactically~*~*~ (stealth).
 18117 | D:9      | Found a white marble altar of Elyvilon.
 18137 | D:9      | 18137 ||| FLEEEEING.
 18139 | D:9      | 18139 ||| FLEEEEING.
 18145 | D:9      | 18145 ||| FLEEEEING.
 18146 | D:9      | 18146 ||| FLEEEEING.
 18269 | D:9      | 18269 ||| Stepping ~*~*~tactically~*~*~ (stealth).
 18272 | D:9      | 18272 ||| Stepping ~*~*~tactically~*~*~ (hiding).
 18512 | D:9      | 18512 ||| Stepping ~*~*~tactically~*~*~ (stealth).
 18589 | D:9      | 18589 ||| Stepping ~*~*~tactically~*~*~ (stealth).
 18593 | D:9      | 18593 ||| Stepping ~*~*~tactically~*~*~ (stealth).
 18641 | D:9      | Reached ***** piety under Trog
 19026 | D:9      | Noticed qw's ghost (novice GrFi)
 19140 | D:10     | Entered Level 10 of the Dungeon
 19185 | D:10     | 19185 ||| DRINKING 9 potions of curing.
 19185 | D:10     | 19185 ||| (to cure confusion)
 19423 | D:10     | 19423 ||| SWAPPING to +0 war axe.
 19424 | D:10     | 19424 ||| DROPPING +3 hand axe.
 19494 | D:10     | Found Qaud's Firing Range.
 19609 | D:10     | 19609 ||| Stepping ~*~*~tactically~*~*~ (stealth).
 19939 | D:10     | Noticed Sonja
 19940 | D:10     | 19940 ||| INVOKING Brothers in Arms.
 19946 | D:10     | Killed Sonja
 20106 | D:10     | 20106 ||| READING 9 scrolls of teleportation.
 20131 | D:10     | 20131 ||| READING 8 scrolls of teleportation.
 20158 | D:10     | 20158 ||| READING 7 scrolls of teleportation.
 20163 | D:10     | 20163 ||| READING 6 scrolls of teleportation.
 20227 | D:10     | 20227 ||| READING 5 scrolls of teleportation.
 20304 | D:10     | 20304 ||| Stepping ~*~*~tactically~*~*~ (stealth).
 20305 | D:10     | 20305 ||| Stepping ~*~*~tactically~*~*~ (stealth).
 20307 | D:10     | 20307 ||| Stepping ~*~*~tactically~*~*~ (stealth).
 20388 | D:10     | 20388 ||| Stepping ~*~*~tactically~*~*~ (stealth).
 20419 | D:10     | 20419 ||| READING 4 scrolls of teleportation.
 20460 | D:10     | 20460 ||| INVOKING Berserk.
 20465 | D:10     | Reached skill level 15 in Axes
 20522 | D:10     | 20522 ||| READING 3 scrolls of teleportation.
 20554 | D:10     | 20554 ||| READING 2 scrolls of teleportation.
 20644 | D:10     | 20644 ||| READING scroll of teleportation.
 20698 | D:10     | 20698 ||| Stepping randomly (stuck).
 20699 | D:10     | 20699 ||| Stepping randomly (stuck).
 20700 | D:10     | 20700 ||| Stepping randomly (stuck).
 20701 | D:10     | 20701 ||| Stepping randomly (stuck).
 20702 | D:10     | 20702 ||| Stepping randomly (stuck).
 20703 | D:10     | 20703 ||| Stepping randomly (stuck).
 20704 | D:10     | 20704 ||| Stepping randomly (stuck).
 20705 | D:10     | 20705 ||| Stepping randomly (stuck).
 20706 | D:10     | 20706 ||| Stepping randomly (stuck).
 20707 | D:10     | 20707 ||| Stepping randomly (stuck).
 20708 | D:10     | 20708 ||| Stepping randomly (stuck).
 20709 | D:10     | 20709 ||| Stepping randomly (stuck).
 20710 | D:10     | 20710 ||| Stepping randomly (stuck).
 20711 | D:10     | 20711 ||| Stepping randomly (stuck).
 20712 | D:10     | 20712 ||| Stepping randomly (stuck).
 20713 | D:10     | 20713 ||| Stepping randomly (stuck).
 20714 | D:10     | 20714 ||| Stepping randomly (stuck).
 20715 | D:10     | 20715 ||| Stepping randomly (stuck).
 20716 | D:10     | 20716 ||| Stepping randomly (stuck).
 20717 | D:10     | 20717 ||| Stepping randomly (stuck).
 20718 | D:10     | 20718 ||| Stepping randomly (stuck).
 20719 | D:10     | 20719 ||| Stepping randomly (stuck).
 20720 | D:10     | 20720 ||| Stepping randomly (stuck).
 20721 | D:10     | 20721 ||| Stepping randomly (stuck).
 20722 | D:10     | 20722 ||| Stepping randomly (stuck).
 20723 | D:10     | 20723 ||| Stepping randomly (stuck).
 20724 | D:10     | 20724 ||| Stepping randomly (stuck).
 20725 | D:10     | 20725 ||| Stepping randomly (stuck).
 20726 | D:10     | 20726 ||| Stepping randomly (stuck).
 20727 | D:10     | 20727 ||| Stepping randomly (stuck).
 20728 | D:10     | 20728 ||| Stepping randomly (stuck).
 20729 | D:10     | 20729 ||| Stepping randomly (stuck).
 20730 | D:10     | 20730 ||| Stepping randomly (stuck).
 20731 | D:10     | 20731 ||| Stepping randomly (stuck).
 20732 | D:10     | 20732 ||| Stepping randomly (stuck).
 20733 | D:10     | 20733 ||| Stepping randomly (stuck).
 20734 | D:10     | 20734 ||| Stepping randomly (stuck).
 20735 | D:10     | 20735 ||| Stepping randomly (stuck).
 20737 | D:10     | 20737 ||| Stepping randomly (stuck).
 20739 | D:10     | 20739 ||| Stepping randomly (stuck).
 20741 | D:10     | 20741 ||| Stepping randomly (stuck).
 20742 | D:10     | 20742 ||| Stepping randomly (stuck).
 20743 | D:10     | 20743 ||| Stepping randomly (stuck).
 20744 | D:10     | 20744 ||| Stepping randomly (stuck).
 20745 | D:10     | 20745 ||| Stepping randomly (stuck).
 20746 | D:10     | 20746 ||| Stepping randomly (stuck).
 20747 | D:10     | 20747 ||| Stepping randomly (stuck).
 20748 | D:10     | 20748 ||| Stepping randomly (stuck).
 20749 | D:10     | 20749 ||| Stepping randomly (stuck).
 20750 | D:10     | 20750 ||| Stepping randomly (stuck).
 20751 | D:10     | 20751 ||| Stepping randomly (stuck).
 20752 | D:10     | 20752 ||| Stepping randomly (stuck).
 20753 | D:10     | 20753 ||| Stepping randomly (stuck).
 20754 | D:10     | 20754 ||| Stepping randomly (stuck).
 20755 | D:10     | 20755 ||| Stepping randomly (stuck).
 20756 | D:10     | 20756 ||| Stepping randomly (stuck).
 20757 | D:10     | 20757 ||| Stepping randomly (stuck).
 20758 | D:10     | 20758 ||| Stepping randomly (stuck).
 20760 | D:10     | 20760 ||| Stepping randomly (stuck).
 20761 | D:10     | 20761 ||| Stepping randomly (stuck).
 20762 | D:10     | 20762 ||| Stepping randomly (stuck).
 20763 | D:10     | 20763 ||| Stepping randomly (stuck).
 20764 | D:10     | 20764 ||| Stepping randomly (stuck).
 20769 | D:10     | 20769 ||| Stepping randomly (stuck).
 20770 | D:10     | 20770 ||| Stepping randomly (stuck).
 20771 | D:10     | 20771 ||| Stepping randomly (stuck).
 20772 | D:10     | 20772 ||| Stepping randomly (stuck).
 20773 | D:10     | 20773 ||| Stepping randomly (stuck).
 20774 | D:10     | 20774 ||| Stepping randomly (stuck).
 20775 | D:10     | 20775 ||| Stepping randomly (stuck).
 20776 | D:10     | 20776 ||| Stepping randomly (stuck).
 20777 | D:10     | 20777 ||| Stepping randomly (stuck).
 20778 | D:10     | 20778 ||| Stepping randomly (stuck).
 20779 | D:10     | 20779 ||| Stepping randomly (stuck).
 20780 | D:10     | 20780 ||| Stepping randomly (stuck).
 20781 | D:10     | 20781 ||| Stepping randomly (stuck).
 20782 | D:10     | 20782 ||| Stepping randomly (stuck).
 20783 | D:10     | 20783 ||| Stepping randomly (stuck).
 20784 | D:10     | 20784 ||| Stepping randomly (stuck).
 20785 | D:10     | 20785 ||| Stepping randomly (stuck).
 20786 | D:10     | 20786 ||| Stepping randomly (stuck).
 20787 | D:10     | 20787 ||| Stepping randomly (stuck).
 20788 | D:10     | 20788 ||| Stepping randomly (stuck).
 20789 | D:10     | 20789 ||| Stepping randomly (stuck).
 20790 | D:10     | 20790 ||| Stepping randomly (stuck).
 20791 | D:10     | 20791 ||| Stepping randomly (stuck).
 20792 | D:10     | 20792 ||| Stepping randomly (stuck).
 20793 | D:10     | 20793 ||| Stepping randomly (stuck).
 20794 | D:10     | 20794 ||| Stepping randomly (stuck).
 20795 | D:10     | 20795 ||| Stepping randomly (stuck).
 20796 | D:10     | 20796 ||| Stepping randomly (stuck).
 20797 | D:10     | 20797 ||| Stepping randomly (stuck).
 20798 | D:10     | 20798 ||| Stepping randomly (stuck).
 20799 | D:10     | 20799 ||| Stepping randomly (stuck).
 20800 | D:10     | 20800 ||| Stepping randomly (stuck).
 20801 | D:10     | 20801 ||| Stepping randomly (stuck).
 20802 | D:10     | 20802 ||| Stepping randomly (stuck).
 20803 | D:10     | 20803 ||| Stepping randomly (stuck).
 20804 | D:10     | 20804 ||| Stepping randomly (stuck).
 20805 | D:10     | 20805 ||| Stepping randomly (stuck).
 20806 | D:10     | 20806 ||| Stepping randomly (stuck).
 20807 | D:10     | 20807 ||| Stepping randomly (stuck).
 20808 | D:10     | 20808 ||| Stepping randomly (stuck).
 20809 | D:10     | 20809 ||| Stepping randomly (stuck).
 20810 | D:10     | 20810 ||| Stepping randomly (stuck).
 20811 | D:10     | 20811 ||| Stepping randomly (stuck).
 20812 | D:10     | 20812 ||| Stepping randomly (stuck).
 20813 | D:10     | 20813 ||| Stepping randomly (stuck).
 20814 | D:10     | 20814 ||| Stepping randomly (stuck).
 20815 | D:10     | 20815 ||| Stepping randomly (stuck).
 20816 | D:10     | 20816 ||| Stepping randomly (stuck).
 20817 | D:10     | 20817 ||| Stepping randomly (stuck).
 20818 | D:10     | 20818 ||| Stepping randomly (stuck).
 20819 | D:10     | 20819 ||| Stepping randomly (stuck).
 20820 | D:10     | 20820 ||| Stepping randomly (stuck).
 20821 | D:10     | 20821 ||| Stepping randomly (stuck).
 20822 | D:10     | 20822 ||| Stepping randomly (stuck).
 20823 | D:10     | 20823 ||| Stepping randomly (stuck).
 20824 | D:10     | 20824 ||| Stepping randomly (stuck).
 20825 | D:10     | 20825 ||| Stepping randomly (stuck).
 20826 | D:10     | 20826 ||| Stepping randomly (stuck).
 20827 | D:10     | 20827 ||| Stepping randomly (stuck).
 20828 | D:10     | 20828 ||| Stepping randomly (stuck).
 20829 | D:10     | 20829 ||| Stepping randomly (stuck).
 20830 | D:10     | 20830 ||| Stepping randomly (stuck).
 20831 | D:10     | 20831 ||| Stepping randomly (stuck).
 20832 | D:10     | 20832 ||| Stepping randomly (stuck).
 20833 | D:10     | 20833 ||| Stepping randomly (stuck).
 20834 | D:10     | 20834 ||| Stepping randomly (stuck).
 20835 | D:10     | 20835 ||| Stepping randomly (stuck).
 20836 | D:10     | 20836 ||| Stepping randomly (stuck).
 20837 | D:10     | 20837 ||| Stepping randomly (stuck).
 20838 | D:10     | 20838 ||| Stepping randomly (stuck).
 20839 | D:10     | 20839 ||| Stepping randomly (stuck).
 20840 | D:10     | 20840 ||| Stepping randomly (stuck).
 20841 | D:10     | 20841 ||| Stepping randomly (stuck).
 20842 | D:10     | 20842 ||| Stepping randomly (stuck).
 20843 | D:10     | 20843 ||| Stepping randomly (stuck).
 20844 | D:10     | 20844 ||| Stepping randomly (stuck).
 20845 | D:10     | 20845 ||| Stepping randomly (stuck).
 20846 | D:10     | 20846 ||| Stepping randomly (stuck).
 20847 | D:10     | 20847 ||| Stepping randomly (stuck).
 20848 | D:10     | 20848 ||| Stepping randomly (stuck).
 20849 | D:10     | 20849 ||| Stepping randomly (stuck).
 20850 | D:10     | 20850 ||| Stepping randomly (stuck).
 20851 | D:10     | 20851 ||| Stepping randomly (stuck).
 20852 | D:10     | 20852 ||| Stepping randomly (stuck).
 20853 | D:10     | 20853 ||| Stepping randomly (stuck).
 20911 | D:10     | 20911 ||| Stepping randomly (stuck).
 20913 | D:10     | 20913 ||| Stepping randomly (stuck).
 20915 | D:10     | 20915 ||| Stepping randomly (stuck).
 20916 | D:10     | 20916 ||| Stepping randomly (stuck).
 20918 | D:10     | 20918 ||| Stepping randomly (stuck).
 20919 | D:10     | 20919 ||| Stepping randomly (stuck).
 20920 | D:10     | 20920 ||| Stepping randomly (stuck).
 20921 | D:10     | 20921 ||| Stepping randomly (stuck).
 20922 | D:10     | 20922 ||| Stepping randomly (stuck).
 20923 | D:10     | 20923 ||| Stepping randomly (stuck).
 20924 | D:10     | 20924 ||| Stepping randomly (stuck).
 20925 | D:10     | 20925 ||| Stepping randomly (stuck).
 20927 | D:10     | 20927 ||| Stepping randomly (stuck).
 20928 | D:10     | 20928 ||| Stepping randomly (stuck).
 20929 | D:10     | 20929 ||| Stepping randomly (stuck).
 20930 | D:10     | 20930 ||| Stepping randomly (stuck).
 20932 | D:10     | 20932 ||| Stepping randomly (stuck).
 20933 | D:10     | 20933 ||| Stepping randomly (stuck).
 20934 | D:10     | 20934 ||| Stepping randomly (stuck).
 20935 | D:10     | 20935 ||| Stepping randomly (stuck).
 20936 | D:10     | 20936 ||| Stepping randomly (stuck).
 20937 | D:10     | 20937 ||| Stepping randomly (stuck).
 20938 | D:10     | 20938 ||| Stepping randomly (stuck).
 20940 | D:10     | 20940 ||| Stepping randomly (stuck).
 20941 | D:10     | 20941 ||| Stepping randomly (stuck).
 20943 | D:10     | 20943 ||| Stepping randomly (stuck).
 20944 | D:10     | 20944 ||| Stepping randomly (stuck).
 20945 | D:10     | 20945 ||| Stepping randomly (stuck).
 20947 | D:10     | 20947 ||| Stepping randomly (stuck).
 20948 | D:10     | 20948 ||| Stepping randomly (stuck).
 20949 | D:10     | 20949 ||| Stepping randomly (stuck).
 20951 | D:10     | 20951 ||| Stepping randomly (stuck).
 20952 | D:10     | 20952 ||| Stepping randomly (stuck).
 20953 | D:10     | 20953 ||| Stepping randomly (stuck).
 20954 | D:10     | 20954 ||| Stepping randomly (stuck).
 20955 | D:10     | 20955 ||| Stepping randomly (stuck).
 20956 | D:10     | 20956 ||| Stepping randomly (stuck).
 20958 | D:10     | 20958 ||| Stepping randomly (stuck).
 20959 | D:10     | 20959 ||| Stepping randomly (stuck).
 20960 | D:10     | 20960 ||| Stepping randomly (stuck).
 20961 | D:10     | 20961 ||| Stepping randomly (stuck).
 20962 | D:10     | 20962 ||| Stepping randomly (stuck).
 20963 | D:10     | 20963 ||| Stepping randomly (stuck).
 20965 | D:10     | 20965 ||| Stepping randomly (stuck).
 20966 | D:10     | 20966 ||| Stepping randomly (stuck).
 20967 | D:10     | 20967 ||| Stepping randomly (stuck).
 20968 | D:10     | 20968 ||| Stepping randomly (stuck).
 20969 | D:10     | 20969 ||| Stepping randomly (stuck).
 20970 | D:10     | 20970 ||| Stepping randomly (stuck).
 20971 | D:10     | 20971 ||| Stepping randomly (stuck).
 20972 | D:10     | 20972 ||| Stepping randomly (stuck).
 20973 | D:10     | 20973 ||| Stepping randomly (stuck).
 20974 | D:10     | 20974 ||| Stepping randomly (stuck).
 20976 | D:10     | 20976 ||| Stepping randomly (stuck).
 20977 | D:10     | 20977 ||| Stepping randomly (stuck).
 20978 | D:10     | 20978 ||| Stepping randomly (stuck).
 20979 | D:10     | 20979 ||| Stepping randomly (stuck).
 20980 | D:10     | 20980 ||| Stepping randomly (stuck).
 20981 | D:10     | 20981 ||| Stepping randomly (stuck).
 20982 | D:10     | 20982 ||| Stepping randomly (stuck).
 20983 | D:10     | 20983 ||| Stepping randomly (stuck).
 20985 | D:10     | 20985 ||| Stepping randomly (stuck).
 20987 | D:10     | 20987 ||| Stepping randomly (stuck).
 20988 | D:10     | 20988 ||| Stepping randomly (stuck).
 20989 | D:10     | 20989 ||| Stepping randomly (stuck).
 20991 | D:10     | 20991 ||| Stepping randomly (stuck).
 20993 | D:10     | 20993 ||| Stepping randomly (stuck).
 20995 | D:10     | 20995 ||| Stepping randomly (stuck).
 20996 | D:10     | 20996 ||| Stepping randomly (stuck).
 20998 | D:10     | 20998 ||| Stepping randomly (stuck).
 21000 | D:10     | 21000 ||| Stepping randomly (stuck).
 21001 | D:10     | 21001 ||| Stepping randomly (stuck).
 21002 | D:10     | 21002 ||| Stepping randomly (stuck).
 21004 | D:10     | 21004 ||| Stepping randomly (stuck).
 21005 | D:10     | 21005 ||| Stepping randomly (stuck).
 21006 | D:10     | 21006 ||| Stepping randomly (stuck).
 21007 | D:10     | 21007 ||| Stepping randomly (stuck).
 21008 | D:10     | 21008 ||| Stepping randomly (stuck).
 21009 | D:10     | 21009 ||| Stepping randomly (stuck).
 21010 | D:10     | 21010 ||| Stepping randomly (stuck).
 21011 | D:10     | 21011 ||| Stepping randomly (stuck).
 21012 | D:10     | 21012 ||| Stepping randomly (stuck).
 21013 | D:10     | 21013 ||| Stepping randomly (stuck).
 21015 | D:10     | 21015 ||| Stepping randomly (stuck).
 21016 | D:10     | 21016 ||| Stepping randomly (stuck).
 21017 | D:10     | 21017 ||| Stepping randomly (stuck).
 21018 | D:10     | 21018 ||| Stepping randomly (stuck).
 21019 | D:10     | 21019 ||| Stepping randomly (stuck).
 21020 | D:10     | 21020 ||| Stepping randomly (stuck).
 21021 | D:10     | 21021 ||| Stepping randomly (stuck).
 21022 | D:10     | 21022 ||| Stepping randomly (stuck).
 21023 | D:10     | 21023 ||| Stepping randomly (stuck).
 21024 | D:10     | 21024 ||| Stepping randomly (stuck).
 21025 | D:10     | 21025 ||| Stepping randomly (stuck).
 21026 | D:10     | 21026 ||| Stepping randomly (stuck).
 21027 | D:10     | 21027 ||| Stepping randomly (stuck).
 21028 | D:10     | 21028 ||| Stepping randomly (stuck).
 21029 | D:10     | 21029 ||| Stepping randomly (stuck).
 21030 | D:10     | 21030 ||| Stepping randomly (stuck).
 21031 | D:10     | 21031 ||| Stepping randomly (stuck).
 21032 | D:10     | 21032 ||| Stepping randomly (stuck).
 21034 | D:10     | 21034 ||| Stepping randomly (stuck).
 21035 | D:10     | 21035 ||| Stepping randomly (stuck).
 21036 | D:10     | 21036 ||| Stepping randomly (stuck).
 21037 | D:10     | 21037 ||| Stepping randomly (stuck).
 21038 | D:10     | 21038 ||| Stepping randomly (stuck).
 21039 | D:10     | 21039 ||| Stepping randomly (stuck).
 21040 | D:10     | 21040 ||| Stepping randomly (stuck).
 21041 | D:10     | 21041 ||| Stepping randomly (stuck).
 21042 | D:10     | 21042 ||| Stepping randomly (stuck).
 21043 | D:10     | 21043 ||| Stepping randomly (stuck).
 21044 | D:10     | 21044 ||| Stepping randomly (stuck).
 21045 | D:10     | 21045 ||| Stepping randomly (stuck).
 21046 | D:10     | 21046 ||| Stepping randomly (stuck).
 21047 | D:10     | 21047 ||| Stepping randomly (stuck).
 21048 | D:10     | 21048 ||| Stepping randomly (stuck).
 21050 | D:10     | 21050 ||| Stepping randomly (stuck).
 21051 | D:10     | 21051 ||| Stepping randomly (stuck).
 21052 | D:10     | 21052 ||| Stepping randomly (stuck).
 21053 | D:10     | 21053 ||| Stepping randomly (stuck).
 21054 | D:10     | 21054 ||| Stepping randomly (stuck).
 21055 | D:10     | 21055 ||| Stepping randomly (stuck).
 21056 | D:10     | 21056 ||| Stepping randomly (stuck).
 21057 | D:10     | 21057 ||| Stepping randomly (stuck).
 21058 | D:10     | 21058 ||| Stepping randomly (stuck).
 21059 | D:10     | 21059 ||| Stepping randomly (stuck).
 21060 | D:10     | 21060 ||| Stepping randomly (stuck).
 21061 | D:10     | 21061 ||| Stepping randomly (stuck).
 21063 | D:10     | 21063 ||| Stepping randomly (stuck).
 21064 | D:10     | 21064 ||| Stepping randomly (stuck).
 21066 | D:10     | 21066 ||| Stepping randomly (stuck).
 21068 | D:10     | 21068 ||| Stepping randomly (stuck).
 21069 | D:10     | 21069 ||| Stepping randomly (stuck).
 21070 | D:10     | 21070 ||| Stepping randomly (stuck).
 21071 | D:10     | 21071 ||| Stepping randomly (stuck).
 21072 | D:10     | 21072 ||| Stepping randomly (stuck).
 21073 | D:10     | 21073 ||| Stepping randomly (stuck).
 21074 | D:10     | 21074 ||| Stepping randomly (stuck).
 21075 | D:10     | 21075 ||| Stepping randomly (stuck).
 21076 | D:10     | 21076 ||| Stepping randomly (stuck).
 21077 | D:10     | 21077 ||| Stepping randomly (stuck).
 21078 | D:10     | 21078 ||| Stepping randomly (stuck).
 21079 | D:10     | 21079 ||| Stepping randomly (stuck).
 21080 | D:10     | 21080 ||| Stepping randomly (stuck).
 21081 | D:10     | 21081 ||| Stepping randomly (stuck).
 21082 | D:10     | 21082 ||| Stepping randomly (stuck).
 21084 | D:10     | 21084 ||| Stepping randomly (stuck).
 21085 | D:10     | 21085 ||| Stepping randomly (stuck).
 21086 | D:10     | 21086 ||| Stepping randomly (stuck).
 21087 | D:10     | 21087 ||| Stepping randomly (stuck).
 21088 | D:10     | 21088 ||| Stepping randomly (stuck).
 21089 | D:10     | 21089 ||| Stepping randomly (stuck).
 21090 | D:10     | 21090 ||| Stepping randomly (stuck).
 21091 | D:10     | 21091 ||| Stepping randomly (stuck).
 21094 | D:10     | 21094 ||| Stepping randomly (stuck).
 21095 | D:10     | 21095 ||| Stepping randomly (stuck).
 21096 | D:10     | 21096 ||| Stepping randomly (stuck).
 21097 | D:10     | 21097 ||| Stepping randomly (stuck).
 21098 | D:10     | 21098 ||| Stepping randomly (stuck).
 21099 | D:10     | 21099 ||| Stepping randomly (stuck).
 21100 | D:10     | 21100 ||| Stepping randomly (stuck).
 21101 | D:10     | 21101 ||| Stepping randomly (stuck).
 21102 | D:10     | 21102 ||| Stepping randomly (stuck).
 21103 | D:10     | 21103 ||| Stepping randomly (stuck).
 21104 | D:10     | 21104 ||| Stepping randomly (stuck).
 21105 | D:10     | 21105 ||| Stepping randomly (stuck).
 21106 | D:10     | 21106 ||| Stepping randomly (stuck).
 21107 | D:10     | 21107 ||| Stepping randomly (stuck).
 21109 | D:10     | 21109 ||| Stepping randomly (stuck).
 21110 | D:10     | 21110 ||| Stepping randomly (stuck).
 21111 | D:10     | 21111 ||| Stepping randomly (stuck).
 21112 | D:10     | 21112 ||| Stepping randomly (stuck).
 21113 | D:10     | 21113 ||| Stepping randomly (stuck).
 21114 | D:10     | 21114 ||| Stepping randomly (stuck).
 21116 | D:10     | 21116 ||| Stepping randomly (stuck).
 21117 | D:10     | 21117 ||| Stepping randomly (stuck).
 21118 | D:10     | 21118 ||| Stepping randomly (stuck).
 21119 | D:10     | 21119 ||| Stepping randomly (stuck).
 21120 | D:10     | 21120 ||| Stepping randomly (stuck).
 21121 | D:10     | 21121 ||| Stepping randomly (stuck).
 21122 | D:10     | 21122 ||| Stepping randomly (stuck).
 21124 | D:10     | 21124 ||| Stepping randomly (stuck).
 21125 | D:10     | 21125 ||| Stepping randomly (stuck).
 21126 | D:10     | 21126 ||| Stepping randomly (stuck).
 21127 | D:10     | 21127 ||| Stepping randomly (stuck).
 21129 | D:10     | 21129 ||| Stepping randomly (stuck).
 21131 | D:10     | 21131 ||| Stepping randomly (stuck).
 21132 | D:10     | 21132 ||| Stepping randomly (stuck).
 21134 | D:10     | 21134 ||| Stepping randomly (stuck).
 21135 | D:10     | 21135 ||| Stepping randomly (stuck).
 21136 | D:10     | 21136 ||| Stepping randomly (stuck).
 21137 | D:10     | 21137 ||| Stepping randomly (stuck).
 21138 | D:10     | 21138 ||| Stepping randomly (stuck).
 21139 | D:10     | 21139 ||| Stepping randomly (stuck).
 21141 | D:10     | 21141 ||| Stepping randomly (stuck).
 21142 | D:10     | 21142 ||| Stepping randomly (stuck).
 21144 | D:10     | 21144 ||| Stepping randomly (stuck).
 21145 | D:10     | 21145 ||| Stepping randomly (stuck).
 21146 | D:10     | 21146 ||| Stepping randomly (stuck).
 21147 | D:10     | 21147 ||| Stepping randomly (stuck).
 21148 | D:10     | 21148 ||| Stepping randomly (stuck).
 21149 | D:10     | 21149 ||| Stepping randomly (stuck).
 21150 | D:10     | 21150 ||| Stepping randomly (stuck).
 21153 | D:10     | 21153 ||| Stepping randomly (stuck).
 21154 | D:10     | 21154 ||| Stepping randomly (stuck).
 21155 | D:10     | 21155 ||| Stepping randomly (stuck).
 21156 | D:10     | 21156 ||| Stepping randomly (stuck).
 21157 | D:10     | 21157 ||| Stepping randomly (stuck).
 21158 | D:10     | 21158 ||| Stepping randomly (stuck).
 21159 | D:10     | 21159 ||| Stepping randomly (stuck).
 21160 | D:10     | 21160 ||| Stepping randomly (stuck).
 21161 | D:10     | 21161 ||| Stepping randomly (stuck).
 21162 | D:10     | 21162 ||| Stepping randomly (stuck).
 21163 | D:10     | 21163 ||| Stepping randomly (stuck).
 21164 | D:10     | 21164 ||| Stepping randomly (stuck).
 21165 | D:10     | 21165 ||| Stepping randomly (stuck).
 21166 | D:10     | 21166 ||| Stepping randomly (stuck).
 21167 | D:10     | 21167 ||| Stepping randomly (stuck).
 21168 | D:10     | 21168 ||| Stepping randomly (stuck).
 21169 | D:10     | 21169 ||| Stepping randomly (stuck).
 21171 | D:10     | 21171 ||| Stepping randomly (stuck).
 21172 | D:10     | 21172 ||| Stepping randomly (stuck).
 21173 | D:10     | 21173 ||| Stepping randomly (stuck).
 21174 | D:10     | 21174 ||| Stepping randomly (stuck).
 21175 | D:10     | 21175 ||| Stepping randomly (stuck).
 21176 | D:10     | 21176 ||| Stepping randomly (stuck).
 21177 | D:10     | 21177 ||| Stepping randomly (stuck).
 21178 | D:10     | 21178 ||| Stepping randomly (stuck).
 21179 | D:10     | 21179 ||| Stepping randomly (stuck).
 21180 | D:10     | 21180 ||| Stepping randomly (stuck).
 21181 | D:10     | 21181 ||| Stepping randomly (stuck).
 21182 | D:10     | 21182 ||| Stepping randomly (stuck).
 21183 | D:10     | 21183 ||| Stepping randomly (stuck).
 21184 | D:10     | 21184 ||| Stepping randomly (stuck).
 21185 | D:10     | 21185 ||| Stepping randomly (stuck).
 21187 | D:10     | 21187 ||| Stepping randomly (stuck).
 21188 | D:10     | 21188 ||| Stepping randomly (stuck).
 21189 | D:10     | 21189 ||| Stepping randomly (stuck).
 21190 | D:10     | 21190 ||| Stepping randomly (stuck).
 21191 | D:10     | 21191 ||| Stepping randomly (stuck).
 21192 | D:10     | 21192 ||| Stepping randomly (stuck).
 21193 | D:10     | 21193 ||| Stepping randomly (stuck).
 21194 | D:10     | 21194 ||| Stepping randomly (stuck).
 21195 | D:10     | 21195 ||| Stepping randomly (stuck).
 21196 | D:10     | 21196 ||| Stepping randomly (stuck).
 21197 | D:10     | 21197 ||| Stepping randomly (stuck).
 21200 | D:10     | 21200 ||| Stepping randomly (stuck).
 21201 | D:10     | 21201 ||| Stepping randomly (stuck).
 21203 | D:10     | 21203 ||| Stepping randomly (stuck).
 21204 | D:10     | 21204 ||| Stepping randomly (stuck).
 21205 | D:10     | 21205 ||| Stepping randomly (stuck).
 21206 | D:10     | 21206 ||| Stepping randomly (stuck).
 21208 | D:10     | 21208 ||| Stepping randomly (stuck).
 21210 | D:10     | 21210 ||| Stepping randomly (stuck).
 21211 | D:10     | 21211 ||| Stepping randomly (stuck).
 21212 | D:10     | 21212 ||| Stepping randomly (stuck).
 21215 | D:10     | 21215 ||| Stepping randomly (stuck).
 21216 | D:10     | 21216 ||| Stepping randomly (stuck).
 21217 | D:10     | 21217 ||| Stepping randomly (stuck).
 21218 | D:10     | 21218 ||| Stepping randomly (stuck).
 21219 | D:10     | 21219 ||| Stepping randomly (stuck).
 21220 | D:10     | 21220 ||| Stepping randomly (stuck).
 21221 | D:10     | 21221 ||| Stepping randomly (stuck).
 21222 | D:10     | 21222 ||| Stepping randomly (stuck).
 21223 | D:10     | 21223 ||| Stepping randomly (stuck).
 21224 | D:10     | 21224 ||| Stepping randomly (stuck).
 21225 | D:10     | 21225 ||| Stepping randomly (stuck).
 21226 | D:10     | 21226 ||| Stepping randomly (stuck).
 21227 | D:10     | 21227 ||| Stepping randomly (stuck).
 21228 | D:10     | 21228 ||| Stepping randomly (stuck).
 21230 | D:10     | 21230 ||| Stepping randomly (stuck).
 21231 | D:10     | 21231 ||| Stepping randomly (stuck).
 21232 | D:10     | 21232 ||| Stepping randomly (stuck).
 21233 | D:10     | 21233 ||| Stepping randomly (stuck).
 21235 | D:10     | 21235 ||| Stepping randomly (stuck).
 21236 | D:10     | 21236 ||| Stepping randomly (stuck).
 21237 | D:10     | 21237 ||| Stepping randomly (stuck).
 21239 | D:10     | 21239 ||| Stepping randomly (stuck).
 21240 | D:10     | 21240 ||| Stepping randomly (stuck).
 21241 | D:10     | 21241 ||| Stepping randomly (stuck).
 21242 | D:10     | 21242 ||| Stepping randomly (stuck).
 21243 | D:10     | 21243 ||| Stepping randomly (stuck).
 21244 | D:10     | 21244 ||| Stepping randomly (stuck).
 21245 | D:10     | 21245 ||| Stepping randomly (stuck).
 21246 | D:10     | 21246 ||| Stepping randomly (stuck).
 21247 | D:10     | 21247 ||| Stepping randomly (stuck).
 21248 | D:10     | 21248 ||| Stepping randomly (stuck).
 21251 | D:10     | 21251 ||| Stepping randomly (stuck).
 21252 | D:10     | 21252 ||| Stepping randomly (stuck).
 21253 | D:10     | 21253 ||| Stepping randomly (stuck).
 21254 | D:10     | 21254 ||| Stepping randomly (stuck).
 21255 | D:10     | 21255 ||| Stepping randomly (stuck).
 21256 | D:10     | 21256 ||| Stepping randomly (stuck).
 21258 | D:10     | 21258 ||| Stepping randomly (stuck).
 21259 | D:10     | 21259 ||| Stepping randomly (stuck).
 21260 | D:10     | 21260 ||| Stepping randomly (stuck).
 21261 | D:10     | 21261 ||| Stepping randomly (stuck).
 21263 | D:10     | 21263 ||| Stepping randomly (stuck).
 21264 | D:10     | 21264 ||| Stepping randomly (stuck).
 21265 | D:10     | 21265 ||| Stepping randomly (stuck).
 21266 | D:10     | 21266 ||| Stepping randomly (stuck).
 21267 | D:10     | 21267 ||| Stepping randomly (stuck).
 21268 | D:10     | 21268 ||| Stepping randomly (stuck).
 21269 | D:10     | 21269 ||| Stepping randomly (stuck).
 21270 | D:10     | 21270 ||| Stepping randomly (stuck).
 21271 | D:10     | 21271 ||| Stepping randomly (stuck).
 21273 | D:10     | 21273 ||| Stepping randomly (stuck).
 21274 | D:10     | 21274 ||| Stepping randomly (stuck).
 21275 | D:10     | 21275 ||| Stepping randomly (stuck).
 21276 | D:10     | 21276 ||| Stepping randomly (stuck).
 21277 | D:10     | 21277 ||| Stepping randomly (stuck).
 21278 | D:10     | 21278 ||| Stepping randomly (stuck).
 21279 | D:10     | 21279 ||| Stepping randomly (stuck).
 21280 | D:10     | 21280 ||| Stepping randomly (stuck).
 21281 | D:10     | 21281 ||| Stepping randomly (stuck).
 21282 | D:10     | 21282 ||| Stepping randomly (stuck).
 21283 | D:10     | 21283 ||| Stepping randomly (stuck).
 21284 | D:10     | 21284 ||| Stepping randomly (stuck).
 21285 | D:10     | 21285 ||| Stepping randomly (stuck).
 21286 | D:10     | 21286 ||| Stepping randomly (stuck).
 21287 | D:10     | 21287 ||| Stepping randomly (stuck).
 21289 | D:10     | 21289 ||| Stepping randomly (stuck).
 21290 | D:10     | 21290 ||| Stepping randomly (stuck).
 21291 | D:10     | 21291 ||| Stepping randomly (stuck).
 21292 | D:10     | 21292 ||| Stepping randomly (stuck).
 21293 | D:10     | 21293 ||| Stepping randomly (stuck).
 21294 | D:10     | 21294 ||| Stepping randomly (stuck).
 21296 | D:10     | 21296 ||| Stepping randomly (stuck).
 21297 | D:10     | 21297 ||| Stepping randomly (stuck).
 21299 | D:10     | 21299 ||| Stepping randomly (stuck).
 21301 | D:10     | 21301 ||| Stepping randomly (stuck).
 21303 | D:10     | 21303 ||| Stepping randomly (stuck).
 21304 | D:10     | 21304 ||| Stepping randomly (stuck).
 21305 | D:10     | 21305 ||| Stepping randomly (stuck).
 21307 | D:10     | 21307 ||| Stepping randomly (stuck).
 21308 | D:10     | 21308 ||| Stepping randomly (stuck).
 21310 | D:10     | 21310 ||| Stepping randomly (stuck).
 21311 | D:10     | 21311 ||| Stepping randomly (stuck).
 21312 | D:10     | 21312 ||| Stepping randomly (stuck).
 21313 | D:10     | 21313 ||| Stepping randomly (stuck).
 21314 | D:10     | 21314 ||| Stepping randomly (stuck).
 21315 | D:10     | 21315 ||| Stepping randomly (stuck).
 21316 | D:10     | 21316 ||| Stepping randomly (stuck).
 21317 | D:10     | 21317 ||| Stepping randomly (stuck).
 21318 | D:10     | 21318 ||| Stepping randomly (stuck).
 21320 | D:10     | 21320 ||| Stepping randomly (stuck).
 21321 | D:10     | 21321 ||| Stepping randomly (stuck).
 21322 | D:10     | 21322 ||| Stepping randomly (stuck).
 21323 | D:10     | 21323 ||| Stepping randomly (stuck).
 21324 | D:10     | 21324 ||| Stepping randomly (stuck).
 21325 | D:10     | 21325 ||| Stepping randomly (stuck).
 21326 | D:10     | 21326 ||| Stepping randomly (stuck).
 21327 | D:10     | 21327 ||| Stepping randomly (stuck).
 21329 | D:10     | 21329 ||| Stepping randomly (stuck).
 21330 | D:10     | 21330 ||| Stepping randomly (stuck).
 21331 | D:10     | 21331 ||| Stepping randomly (stuck).
 21332 | D:10     | 21332 ||| Stepping randomly (stuck).
 21333 | D:10     | 21333 ||| Stepping randomly (stuck).
 21334 | D:10     | 21334 ||| Stepping randomly (stuck).
 21335 | D:10     | 21335 ||| Stepping randomly (stuck).
 21337 | D:10     | 21337 ||| Stepping randomly (stuck).
 21338 | D:10     | 21338 ||| Stepping randomly (stuck).
 21339 | D:10     | 21339 ||| Stepping randomly (stuck).
 21340 | D:10     | 21340 ||| Stepping randomly (stuck).
 21341 | D:10     | 21341 ||| Stepping randomly (stuck).
 21342 | D:10     | 21342 ||| Stepping randomly (stuck).
 21344 | D:10     | 21344 ||| Stepping randomly (stuck).
 21345 | D:10     | 21345 ||| Stepping randomly (stuck).
 21346 | D:10     | 21346 ||| Stepping randomly (stuck).
 21348 | D:10     | 21348 ||| Stepping randomly (stuck).
 21349 | D:10     | 21349 ||| Stepping randomly (stuck).
 21351 | D:10     | 21351 ||| Stepping randomly (stuck).
 21352 | D:10     | 21352 ||| Stepping randomly (stuck).
 21353 | D:10     | 21353 ||| Stepping randomly (stuck).
 21354 | D:10     | 21354 ||| Stepping randomly (stuck).
 21355 | D:10     | 21355 ||| Stepping randomly (stuck).
 21356 | D:10     | 21356 ||| Stepping randomly (stuck).
 21357 | D:10     | 21357 ||| Stepping randomly (stuck).
 21358 | D:10     | 21358 ||| Stepping randomly (stuck).
 21359 | D:10     | 21359 ||| Stepping randomly (stuck).
 21362 | D:10     | 21362 ||| Stepping randomly (stuck).
 21363 | D:10     | 21363 ||| Stepping randomly (stuck).
 21364 | D:10     | 21364 ||| Stepping randomly (stuck).
 21365 | D:10     | 21365 ||| Stepping randomly (stuck).
 21366 | D:10     | 21366 ||| Stepping randomly (stuck).
 21367 | D:10     | 21367 ||| Stepping randomly (stuck).
 21369 | D:10     | 21369 ||| Stepping randomly (stuck).
 21370 | D:10     | 21370 ||| Stepping randomly (stuck).
 21372 | D:10     | 21372 ||| Stepping randomly (stuck).
 21373 | D:10     | 21373 ||| Stepping randomly (stuck).
 21374 | D:10     | 21374 ||| Stepping randomly (stuck).
 21375 | D:10     | 21375 ||| Stepping randomly (stuck).
 21377 | D:10     | 21377 ||| Stepping randomly (stuck).
 21380 | D:10     | 21380 ||| Stepping randomly (stuck).
 21381 | D:10     | 21381 ||| Stepping randomly (stuck).
 21383 | D:10     | 21383 ||| Stepping randomly (stuck).
 21385 | D:10     | 21385 ||| Stepping randomly (stuck).
 21386 | D:10     | 21386 ||| Stepping randomly (stuck).
 21388 | D:10     | 21388 ||| Stepping randomly (stuck).
 21389 | D:10     | 21389 ||| Stepping randomly (stuck).
 21390 | D:10     | 21390 ||| Stepping randomly (stuck).
 21392 | D:10     | 21392 ||| Stepping randomly (stuck).
 21393 | D:10     | 21393 ||| Stepping randomly (stuck).
 21394 | D:10     | 21394 ||| Stepping randomly (stuck).
 21397 | D:10     | 21397 ||| Stepping randomly (stuck).
 21398 | D:10     | 21398 ||| Stepping randomly (stuck).
 21399 | D:10     | 21399 ||| Stepping randomly (stuck).
 21400 | D:10     | 21400 ||| Stepping randomly (stuck).
 21402 | D:10     | 21402 ||| Stepping randomly (stuck).
 21403 | D:10     | 21403 ||| Stepping randomly (stuck).
 21404 | D:10     | 21404 ||| Stepping randomly (stuck).
 21405 | D:10     | 21405 ||| Stepping randomly (stuck).
 21407 | D:10     | 21407 ||| Stepping randomly (stuck).
 21409 | D:10     | 21409 ||| Stepping randomly (stuck).
 21410 | D:10     | 21410 ||| Stepping randomly (stuck).
 21411 | D:10     | 21411 ||| Stepping randomly (stuck).
 21412 | D:10     | 21412 ||| Stepping randomly (stuck).
 21413 | D:10     | 21413 ||| Stepping randomly (stuck).
 21414 | D:10     | 21414 ||| Stepping randomly (stuck).
 21415 | D:10     | 21415 ||| Stepping randomly (stuck).
 21416 | D:10     | 21416 ||| Stepping randomly (stuck).
 21418 | D:10     | 21418 ||| Stepping randomly (stuck).
 21419 | D:10     | 21419 ||| Stepping randomly (stuck).
 21420 | D:10     | 21420 ||| Stepping randomly (stuck).
 21422 | D:10     | 21422 ||| Stepping randomly (stuck).
 21424 | D:10     | 21424 ||| Stepping randomly (stuck).
 21425 | D:10     | 21425 ||| Stepping randomly (stuck).
 21426 | D:10     | 21426 ||| Stepping randomly (stuck).
 21427 | D:10     | 21427 ||| Stepping randomly (stuck).
 21428 | D:10     | 21428 ||| Stepping randomly (stuck).
 21429 | D:10     | 21429 ||| Stepping randomly (stuck).
 21430 | D:10     | 21430 ||| Stepping randomly (stuck).
 21431 | D:10     | 21431 ||| Stepping randomly (stuck).
 21432 | D:10     | 21432 ||| Stepping randomly (stuck).
 21433 | D:10     | 21433 ||| Stepping randomly (stuck).
 21435 | D:10     | 21435 ||| Stepping randomly (stuck).
 21436 | D:10     | 21436 ||| Stepping randomly (stuck).
 21437 | D:10     | 21437 ||| Stepping randomly (stuck).
 21438 | D:10     | 21438 ||| Stepping randomly (stuck).
 21439 | D:10     | 21439 ||| Stepping randomly (stuck).
 21441 | D:10     | 21441 ||| Stepping randomly (stuck).
 21443 | D:10     | 21443 ||| Stepping randomly (stuck).
 21445 | D:10     | 21445 ||| Stepping randomly (stuck).
 21446 | D:10     | 21446 ||| Stepping randomly (stuck).
 21447 | D:10     | 21447 ||| Stepping randomly (stuck).
 21448 | D:10     | 21448 ||| Stepping randomly (stuck).
 21449 | D:10     | 21449 ||| Stepping randomly (stuck).
 21450 | D:10     | 21450 ||| Stepping randomly (stuck).
 21451 | D:10     | 21451 ||| Stepping randomly (stuck).
 21453 | D:10     | 21453 ||| Stepping randomly (stuck).
 21454 | D:10     | 21454 ||| Stepping randomly (stuck).
 21456 | D:10     | 21456 ||| Stepping randomly (stuck).
 21458 | D:10     | 21458 ||| Stepping randomly (stuck).
 21460 | D:10     | 21460 ||| Stepping randomly (stuck).
 21461 | D:10     | 21461 ||| Stepping randomly (stuck).
 21462 | D:10     | 21462 ||| Stepping randomly (stuck).
 21463 | D:10     | 21463 ||| Stepping randomly (stuck).
 21465 | D:10     | 21465 ||| Stepping randomly (stuck).
 21466 | D:10     | 21466 ||| Stepping randomly (stuck).
 21468 | D:10     | 21468 ||| Stepping randomly (stuck).
 21470 | D:10     | 21470 ||| Stepping randomly (stuck).
 21472 | D:10     | 21472 ||| Stepping randomly (stuck).
 21474 | D:10     | 21474 ||| Stepping randomly (stuck).
 21475 | D:10     | 21475 ||| Stepping randomly (stuck).
 21476 | D:10     | 21476 ||| Stepping randomly (stuck).
 21477 | D:10     | 21477 ||| Stepping randomly (stuck).
 21478 | D:10     | 21478 ||| Stepping randomly (stuck).
 21479 | D:10     | 21479 ||| Stepping randomly (stuck).
 21480 | D:10     | 21480 ||| Stepping randomly (stuck).
 21481 | D:10     | 21481 ||| Stepping randomly (stuck).
 21482 | D:10     | 21482 ||| Stepping randomly (stuck).
 21483 | D:10     | 21483 ||| Stepping randomly (stuck).
 21484 | D:10     | 21484 ||| Stepping randomly (stuck).
 21485 | D:10     | 21485 ||| Stepping randomly (stuck).
 21487 | D:10     | 21487 ||| Stepping randomly (stuck).
 21488 | D:10     | 21488 ||| Stepping randomly (stuck).
 21489 | D:10     | 21489 ||| Stepping randomly (stuck).
 21491 | D:10     | 21491 ||| Stepping randomly (stuck).
 21493 | D:10     | 21493 ||| Stepping randomly (stuck).
 21495 | D:10     | 21495 ||| Stepping randomly (stuck).
 21497 | D:10     | 21497 ||| Stepping randomly (stuck).
 21498 | D:10     | 21498 ||| Stepping randomly (stuck).
 21499 | D:10     | 21499 ||| Stepping randomly (stuck).
 21500 | D:10     | 21500 ||| Stepping randomly (stuck).
 21501 | D:10     | 21501 ||| Stepping randomly (stuck).
 21502 | D:10     | 21502 ||| Stepping randomly (stuck).
 21503 | D:10     | 21503 ||| Stepping randomly (stuck).
 21504 | D:10     | 21504 ||| Stepping randomly (stuck).
 21505 | D:10     | 21505 ||| Stepping randomly (stuck).
 21507 | D:10     | 21507 ||| Stepping randomly (stuck).
 21508 | D:10     | 21508 ||| Stepping randomly (stuck).
 21509 | D:10     | 21509 ||| Stepping randomly (stuck).
 21510 | D:10     | 21510 ||| Stepping randomly (stuck).
 21511 | D:10     | 21511 ||| Stepping randomly (stuck).
 21513 | D:10     | 21513 ||| Stepping randomly (stuck).
 21514 | D:10     | 21514 ||| Stepping randomly (stuck).
 21515 | D:10     | 21515 ||| Stepping randomly (stuck).
 21516 | D:10     | 21516 ||| Stepping randomly (stuck).
 21518 | D:10     | 21518 ||| Stepping randomly (stuck).
 21519 | D:10     | 21519 ||| Stepping randomly (stuck).
 21520 | D:10     | 21520 ||| Stepping randomly (stuck).
 21521 | D:10     | 21521 ||| Stepping randomly (stuck).
 21522 | D:10     | 21522 ||| Stepping randomly (stuck).
 21523 | D:10     | 21523 ||| Stepping randomly (stuck).
 21524 | D:10     | 21524 ||| Stepping randomly (stuck).
 21525 | D:10     | 21525 ||| Stepping randomly (stuck).
 21527 | D:10     | 21527 ||| Stepping randomly (stuck).
 21528 | D:10     | 21528 ||| Stepping randomly (stuck).
 21529 | D:10     | 21529 ||| Stepping randomly (stuck).
 21531 | D:10     | 21531 ||| Stepping randomly (stuck).
 21532 | D:10     | 21532 ||| Stepping randomly (stuck).
 21534 | D:10     | 21534 ||| Stepping randomly (stuck).
 21536 | D:10     | 21536 ||| Stepping randomly (stuck).
 21538 | D:10     | 21538 ||| Stepping randomly (stuck).
 21541 | D:10     | 21541 ||| Stepping randomly (stuck).
 21542 | D:10     | 21542 ||| Stepping randomly (stuck).
 21545 | D:10     | 21545 ||| Stepping randomly (stuck).
 21546 | D:10     | 21546 ||| Stepping randomly (stuck).
 21547 | D:10     | 21547 ||| Stepping randomly (stuck).
 21548 | D:10     | 21548 ||| Stepping randomly (stuck).
 21549 | D:10     | 21549 ||| Stepping randomly (stuck).
 21550 | D:10     | 21550 ||| Stepping randomly (stuck).
 21551 | D:10     | 21551 ||| Stepping randomly (stuck).
 21553 | D:10     | 21553 ||| Stepping randomly (stuck).
 21555 | D:10     | 21555 ||| Stepping randomly (stuck).
 21557 | D:10     | 21557 ||| Stepping randomly (stuck).
 21558 | D:10     | 21558 ||| Stepping randomly (stuck).
 21559 | D:10     | 21559 ||| Stepping randomly (stuck).
 21560 | D:10     | 21560 ||| Stepping randomly (stuck).
 21562 | D:10     | 21562 ||| Stepping randomly (stuck).
 21563 | D:10     | 21563 ||| Stepping randomly (stuck).
 21564 | D:10     | 21564 ||| Stepping randomly (stuck).
 21567 | D:10     | 21567 ||| Stepping randomly (stuck).
 21568 | D:10     | 21568 ||| Stepping randomly (stuck).
 21570 | D:10     | 21570 ||| Stepping randomly (stuck).
 21571 | D:10     | 21571 ||| Stepping randomly (stuck).
 21572 | D:10     | 21572 ||| Stepping randomly (stuck).
 21573 | D:10     | 21573 ||| Stepping randomly (stuck).
 21574 | D:10     | 21574 ||| Stepping randomly (stuck).
 21575 | D:10     | 21575 ||| Stepping randomly (stuck).
 21578 | D:10     | 21578 ||| Stepping randomly (stuck).
 21580 | D:10     | 21580 ||| Stepping randomly (stuck).
 21581 | D:10     | 21581 ||| Stepping randomly (stuck).
 21582 | D:10     | 21582 ||| Stepping randomly (stuck).
 21583 | D:10     | 21583 ||| Stepping randomly (stuck).
 21584 | D:10     | 21584 ||| Stepping randomly (stuck).
 21585 | D:10     | 21585 ||| Stepping randomly (stuck).
 21586 | D:10     | 21586 ||| Stepping randomly (stuck).
 21587 | D:10     | 21587 ||| Stepping randomly (stuck).
 21588 | D:10     | 21588 ||| Stepping randomly (stuck).
 21590 | D:10     | 21590 ||| Stepping randomly (stuck).
 21591 | D:10     | 21591 ||| Stepping randomly (stuck).
 21592 | D:10     | 21592 ||| Stepping randomly (stuck).
 21593 | D:10     | 21593 ||| Stepping randomly (stuck).
 21594 | D:10     | 21594 ||| Stepping randomly (stuck).
 21595 | D:10     | 21595 ||| Stepping randomly (stuck).
 21596 | D:10     | 21596 ||| Stepping randomly (stuck).
 21597 | D:10     | 21597 ||| Stepping randomly (stuck).
 21599 | D:10     | 21599 ||| Stepping randomly (stuck).
 21600 | D:10     | 21600 ||| Stepping randomly (stuck).
 21602 | D:10     | 21602 ||| Stepping randomly (stuck).
 21603 | D:10     | 21603 ||| Stepping randomly (stuck).
 21604 | D:10     | 21604 ||| Stepping randomly (stuck).
 21605 | D:10     | 21605 ||| Stepping randomly (stuck).
 21606 | D:10     | 21606 ||| Stepping randomly (stuck).
 21607 | D:10     | 21607 ||| Stepping randomly (stuck).
 21608 | D:10     | 21608 ||| Stepping randomly (stuck).
 21610 | D:10     | 21610 ||| Stepping randomly (stuck).
 21613 | D:10     | 21613 ||| Stepping randomly (stuck).
 21614 | D:10     | 21614 ||| Stepping randomly (stuck).
 21615 | D:10     | 21615 ||| Stepping randomly (stuck).
 21616 | D:10     | 21616 ||| Stepping randomly (stuck).
 21617 | D:10     | 21617 ||| Stepping randomly (stuck).
 21618 | D:10     | 21618 ||| Stepping randomly (stuck).
 21619 | D:10     | 21619 ||| Stepping randomly (stuck).
 21620 | D:10     | 21620 ||| Stepping randomly (stuck).
 21622 | D:10     | 21622 ||| Stepping randomly (stuck).
 21623 | D:10     | 21623 ||| Stepping randomly (stuck).
 21624 | D:10     | 21624 ||| Stepping randomly (stuck).
 21627 | D:10     | 21627 ||| Stepping randomly (stuck).
 21629 | D:10     | 21629 ||| Stepping randomly (stuck).
 21630 | D:10     | 21630 ||| Stepping randomly (stuck).
 21631 | D:10     | 21631 ||| Stepping randomly (stuck).
 21632 | D:10     | 21632 ||| Stepping randomly (stuck).
 21635 | D:10     | 21635 ||| Stepping randomly (stuck).
 21636 | D:10     | 21636 ||| Stepping randomly (stuck).
 21637 | D:10     | 21637 ||| Stepping randomly (stuck).
 21639 | D:10     | 21639 ||| Stepping randomly (stuck).
 21640 | D:10     | 21640 ||| Stepping randomly (stuck).
 21641 | D:10     | 21641 ||| Stepping randomly (stuck).
 21642 | D:10     | 21642 ||| Stepping randomly (stuck).
 21643 | D:10     | 21643 ||| Stepping randomly (stuck).
 21644 | D:10     | 21644 ||| Stepping randomly (stuck).
 21646 | D:10     | 21646 ||| Stepping randomly (stuck).
 21647 | D:10     | 21647 ||| Stepping randomly (stuck).
 21648 | D:10     | 21648 ||| Stepping randomly (stuck).
 21649 | D:10     | 21649 ||| Stepping randomly (stuck).
 21650 | D:10     | 21650 ||| Stepping randomly (stuck).
 21653 | D:10     | 21653 ||| Stepping randomly (stuck).
 21655 | D:10     | 21655 ||| Stepping randomly (stuck).
 21656 | D:10     | 21656 ||| Stepping randomly (stuck).
 21657 | D:10     | 21657 ||| Stepping randomly (stuck).
 21658 | D:10     | 21658 ||| Stepping randomly (stuck).
 21659 | D:10     | 21659 ||| Stepping randomly (stuck).
 21660 | D:10     | 21660 ||| Stepping randomly (stuck).
 21661 | D:10     | 21661 ||| Stepping randomly (stuck).
 21662 | D:10     | 21662 ||| Stepping randomly (stuck).
 21663 | D:10     | 21663 ||| Stepping randomly (stuck).
 21664 | D:10     | 21664 ||| Stepping randomly (stuck).
 21665 | D:10     | 21665 ||| Stepping randomly (stuck).
 21666 | D:10     | 21666 ||| Stepping randomly (stuck).
 21667 | D:10     | 21667 ||| Stepping randomly (stuck).
 21668 | D:10     | 21668 ||| Stepping randomly (stuck).
 21670 | D:10     | 21670 ||| Stepping randomly (stuck).
 21671 | D:10     | 21671 ||| Stepping randomly (stuck).
 21672 | D:10     | 21672 ||| Stepping randomly (stuck).
 21673 | D:10     | 21673 ||| Stepping randomly (stuck).
 21674 | D:10     | 21674 ||| Stepping randomly (stuck).
 21675 | D:10     | 21675 ||| Stepping randomly (stuck).
 21676 | D:10     | 21676 ||| Stepping randomly (stuck).
 21677 | D:10     | 21677 ||| Stepping randomly (stuck).
 21678 | D:10     | 21678 ||| Stepping randomly (stuck).
 21679 | D:10     | 21679 ||| Stepping randomly (stuck).
 21680 | D:10     | 21680 ||| Stepping randomly (stuck).
 21681 | D:10     | 21681 ||| Stepping randomly (stuck).
 21683 | D:10     | 21683 ||| Stepping randomly (stuck).
 21684 | D:10     | 21684 ||| Stepping randomly (stuck).
 21685 | D:10     | 21685 ||| Stepping randomly (stuck).
 21686 | D:10     | 21686 ||| Stepping randomly (stuck).
 21689 | D:10     | 21689 ||| Stepping randomly (stuck).
 21690 | D:10     | 21690 ||| Stepping randomly (stuck).
 21691 | D:10     | 21691 ||| Stepping randomly (stuck).
 21692 | D:10     | 21692 ||| Stepping randomly (stuck).
 21694 | D:10     | 21694 ||| Stepping randomly (stuck).
 21695 | D:10     | 21695 ||| Stepping randomly (stuck).
 21696 | D:10     | 21696 ||| Stepping randomly (stuck).
 21697 | D:10     | 21697 ||| Stepping randomly (stuck).
 21698 | D:10     | 21698 ||| Stepping randomly (stuck).
 21699 | D:10     | 21699 ||| Stepping randomly (stuck).
 21700 | D:10     | 21700 ||| Stepping randomly (stuck).
 21702 | D:10     | 21702 ||| Stepping randomly (stuck).
 21705 | D:10     | 21705 ||| Stepping randomly (stuck).
 21706 | D:10     | 21706 ||| Stepping randomly (stuck).
 21707 | D:10     | 21707 ||| Stepping randomly (stuck).
 21709 | D:10     | 21709 ||| Stepping randomly (stuck).
 21710 | D:10     | 21710 ||| Stepping randomly (stuck).
 21711 | D:10     | 21711 ||| Stepping randomly (stuck).
 21713 | D:10     | 21713 ||| Stepping randomly (stuck).
 21714 | D:10     | 21714 ||| Stepping randomly (stuck).
 21715 | D:10     | 21715 ||| Stepping randomly (stuck).
 21716 | D:10     | 21716 ||| Stepping randomly (stuck).
 21717 | D:10     | 21717 ||| Stepping randomly (stuck).
 21718 | D:10     | 21718 ||| Stepping randomly (stuck).
 21719 | D:10     | 21719 ||| Stepping randomly (stuck).
 21720 | D:10     | 21720 ||| Stepping randomly (stuck).
 21721 | D:10     | 21721 ||| Stepping randomly (stuck).
 21722 | D:10     | 21722 ||| Stepping randomly (stuck).
 21723 | D:10     | 21723 ||| Stepping randomly (stuck).
 21724 | D:10     | 21724 ||| Stepping randomly (stuck).
 21725 | D:10     | 21725 ||| Stepping randomly (stuck).
 21726 | D:10     | 21726 ||| Stepping randomly (stuck).
 21727 | D:10     | 21727 ||| Stepping randomly (stuck).
 21728 | D:10     | 21728 ||| Stepping randomly (stuck).
 21729 | D:10     | 21729 ||| Stepping randomly (stuck).
 21730 | D:10     | 21730 ||| Stepping randomly (stuck).
 21731 | D:10     | 21731 ||| Stepping randomly (stuck).
 21732 | D:10     | 21732 ||| Stepping randomly (stuck).
 21733 | D:10     | 21733 ||| Stepping randomly (stuck).
 21734 | D:10     | 21734 ||| Stepping randomly (stuck).
 21735 | D:10     | 21735 ||| Stepping randomly (stuck).
 21736 | D:10     | 21736 ||| Stepping randomly (stuck).
 21738 | D:10     | 21738 ||| Stepping randomly (stuck).
 21739 | D:10     | 21739 ||| Stepping randomly (stuck).
 21741 | D:10     | 21741 ||| Stepping randomly (stuck).
 21742 | D:10     | 21742 ||| Stepping randomly (stuck).
 21743 | D:10     | 21743 ||| Stepping randomly (stuck).
 21746 | D:10     | 21746 ||| Stepping randomly (stuck).
 21748 | D:10     | 21748 ||| Stepping randomly (stuck).
 21749 | D:10     | 21749 ||| Stepping randomly (stuck).
 21752 | D:10     | 21752 ||| Stepping randomly (stuck).
 21753 | D:10     | 21753 ||| Stepping randomly (stuck).
 21756 | D:10     | 21756 ||| Stepping randomly (stuck).
 21757 | D:10     | 21757 ||| Stepping randomly (stuck).
 21758 | D:10     | 21758 ||| Stepping randomly (stuck).
 21759 | D:10     | 21759 ||| Stepping randomly (stuck).
 21760 | D:10     | 21760 ||| Stepping randomly (stuck).
 21762 | D:10     | 21762 ||| Stepping randomly (stuck).
 21763 | D:10     | 21763 ||| Stepping randomly (stuck).
 21764 | D:10     | 21764 ||| Stepping randomly (stuck).
 21765 | D:10     | 21765 ||| Stepping randomly (stuck).
 21768 | D:10     | 21768 ||| Stepping randomly (stuck).
 21770 | D:10     | 21770 ||| Stepping randomly (stuck).
 21772 | D:10     | 21772 ||| Stepping randomly (stuck).
 21774 | D:10     | 21774 ||| Stepping randomly (stuck).
 21775 | D:10     | 21775 ||| Stepping randomly (stuck).
 21776 | D:10     | 21776 ||| Stepping randomly (stuck).
 21778 | D:10     | 21778 ||| Stepping randomly (stuck).
 21780 | D:10     | 21780 ||| Stepping randomly (stuck).
 21782 | D:10     | 21782 ||| Stepping randomly (stuck).
 21783 | D:10     | 21783 ||| Stepping randomly (stuck).
 21784 | D:10     | 21784 ||| Stepping randomly (stuck).
 21785 | D:10     | 21785 ||| Stepping randomly (stuck).
 21786 | D:10     | 21786 ||| Stepping randomly (stuck).
 21787 | D:10     | 21787 ||| Stepping randomly (stuck).
 21789 | D:10     | 21789 ||| Stepping randomly (stuck).
 21790 | D:10     | 21790 ||| Stepping randomly (stuck).
 21791 | D:10     | 21791 ||| Stepping randomly (stuck).
 21792 | D:10     | 21792 ||| Stepping randomly (stuck).
 21793 | D:10     | 21793 ||| Stepping randomly (stuck).
 21794 | D:10     | 21794 ||| Stepping randomly (stuck).
 21795 | D:10     | 21795 ||| Stepping randomly (stuck).
 21796 | D:10     | 21796 ||| Stepping randomly (stuck).
 21797 | D:10     | 21797 ||| Stepping randomly (stuck).
 21798 | D:10     | 21798 ||| Stepping randomly (stuck).
 21799 | D:10     | 21799 ||| Stepping randomly (stuck).
 21802 | D:10     | 21802 ||| Stepping randomly (stuck).
 21803 | D:10     | 21803 ||| Stepping randomly (stuck).
 21804 | D:10     | 21804 ||| Stepping randomly (stuck).
 21805 | D:10     | 21805 ||| Stepping randomly (stuck).
 21806 | D:10     | 21806 ||| Stepping randomly (stuck).
 21807 | D:10     | 21807 ||| Stepping randomly (stuck).
 21808 | D:10     | 21808 ||| Stepping randomly (stuck).
 21809 | D:10     | 21809 ||| Stepping randomly (stuck).
 21810 | D:10     | 21810 ||| Stepping randomly (stuck).
 21811 | D:10     | 21811 ||| Stepping randomly (stuck).
 21812 | D:10     | 21812 ||| Stepping randomly (stuck).
 21813 | D:10     | 21813 ||| Stepping randomly (stuck).
 21814 | D:10     | 21814 ||| Stepping randomly (stuck).
 21815 | D:10     | 21815 ||| Stepping randomly (stuck).
 21816 | D:10     | 21816 ||| Stepping randomly (stuck).
 21817 | D:10     | 21817 ||| Stepping randomly (stuck).
 21818 | D:10     | 21818 ||| Stepping randomly (stuck).
 21820 | D:10     | 21820 ||| Stepping randomly (stuck).
 21822 | D:10     | 21822 ||| Stepping randomly (stuck).
 21823 | D:10     | 21823 ||| Stepping randomly (stuck).
 21825 | D:10     | 21825 ||| Stepping randomly (stuck).
 21826 | D:10     | 21826 ||| Stepping randomly (stuck).
 21827 | D:10     | 21827 ||| Stepping randomly (stuck).
 21828 | D:10     | 21828 ||| Stepping randomly (stuck).
 21829 | D:10     | 21829 ||| Stepping randomly (stuck).
 21831 | D:10     | 21831 ||| Stepping randomly (stuck).
 21832 | D:10     | 21832 ||| Stepping randomly (stuck).
 21833 | D:10     | 21833 ||| Stepping randomly (stuck).
 21834 | D:10     | 21834 ||| Stepping randomly (stuck).
 21835 | D:10     | 21835 ||| Stepping randomly (stuck).
 21836 | D:10     | 21836 ||| Stepping randomly (stuck).
 21837 | D:10     | 21837 ||| Stepping randomly (stuck).
 21838 | D:10     | 21838 ||| Stepping randomly (stuck).
 21839 | D:10     | 21839 ||| Stepping randomly (stuck).
 21840 | D:10     | 21840 ||| Stepping randomly (stuck).
 21842 | D:10     | 21842 ||| Stepping randomly (stuck).
 21844 | D:10     | 21844 ||| Stepping randomly (stuck).
 21846 | D:10     | 21846 ||| Stepping randomly (stuck).
 21848 | D:10     | 21848 ||| Stepping randomly (stuck).
 21849 | D:10     | 21849 ||| Stepping randomly (stuck).
 21850 | D:10     | 21850 ||| Stepping randomly (stuck).
 21851 | D:10     | 21851 ||| Stepping randomly (stuck).
 21852 | D:10     | 21852 ||| Stepping randomly (stuck).
 21853 | D:10     | 21853 ||| Stepping randomly (stuck).
 21854 | D:10     | 21854 ||| Stepping randomly (stuck).
 21855 | D:10     | 21855 ||| Stepping randomly (stuck).
 21856 | D:10     | 21856 ||| Stepping randomly (stuck).
 21857 | D:10     | 21857 ||| Stepping randomly (stuck).
 21858 | D:10     | 21858 ||| Stepping randomly (stuck).
 21860 | D:10     | 21860 ||| Stepping randomly (stuck).
 21861 | D:10     | 21861 ||| Stepping randomly (stuck).
 21862 | D:10     | 21862 ||| Stepping randomly (stuck).
 21863 | D:10     | 21863 ||| Stepping randomly (stuck).
 21864 | D:10     | 21864 ||| Stepping randomly (stuck).
 21865 | D:10     | 21865 ||| Stepping randomly (stuck).
 21866 | D:10     | 21866 ||| Stepping randomly (stuck).
 21867 | D:10     | 21867 ||| Stepping randomly (stuck).
 21868 | D:10     | 21868 ||| Stepping randomly (stuck).
 21869 | D:10     | 21869 ||| Stepping randomly (stuck).
 21870 | D:10     | 21870 ||| Stepping randomly (stuck).
 21872 | D:10     | 21872 ||| Stepping randomly (stuck).
 21874 | D:10     | 21874 ||| Stepping randomly (stuck).
 21875 | D:10     | 21875 ||| Stepping randomly (stuck).
 21877 | D:10     | 21877 ||| Stepping randomly (stuck).
 21878 | D:10     | 21878 ||| Stepping randomly (stuck).
 21879 | D:10     | 21879 ||| Stepping randomly (stuck).
 21880 | D:10     | 21880 ||| Stepping randomly (stuck).
 21881 | D:10     | 21881 ||| Stepping randomly (stuck).
 21884 | D:10     | 21884 ||| Stepping randomly (stuck).
 21885 | D:10     | 21885 ||| Stepping randomly (stuck).
 21887 | D:10     | 21887 ||| Stepping randomly (stuck).
 21889 | D:10     | 21889 ||| Stepping randomly (stuck).
 21890 | D:10     | 21890 ||| Stepping randomly (stuck).
 21891 | D:10     | 21891 ||| Stepping randomly (stuck).
 21892 | D:10     | 21892 ||| Stepping randomly (stuck).
 21893 | D:10     | 21893 ||| Stepping randomly (stuck).
 21894 | D:10     | 21894 ||| Stepping randomly (stuck).
 21895 | D:10     | 21895 ||| Stepping randomly (stuck).
 21896 | D:10     | 21896 ||| Stepping randomly (stuck).
 21897 | D:10     | 21897 ||| Stepping randomly (stuck).
 21898 | D:10     | 21898 ||| Stepping randomly (stuck).
 21899 | D:10     | 21899 ||| Stepping randomly (stuck).
 21900 | D:10     | 21900 ||| Stepping randomly (stuck).
 21901 | D:10     | 21901 ||| Stepping randomly (stuck).
 21902 | D:10     | 21902 ||| Stepping randomly (stuck).
 21904 | D:10     | 21904 ||| Stepping randomly (stuck).
 21905 | D:10     | 21905 ||| Stepping randomly (stuck).
 21906 | D:10     | 21906 ||| Stepping randomly (stuck).
 21907 | D:10     | 21907 ||| Stepping randomly (stuck).
 21908 | D:10     | 21908 ||| Stepping randomly (stuck).
 21909 | D:10     | 21909 ||| Stepping randomly (stuck).
 21910 | D:10     | 21910 ||| Stepping randomly (stuck).
 21911 | D:10     | 21911 ||| Stepping randomly (stuck).
 21912 | D:10     | 21912 ||| Stepping randomly (stuck).
 21914 | D:10     | 21914 ||| Stepping randomly (stuck).
 21915 | D:10     | 21915 ||| Stepping randomly (stuck).
 21916 | D:10     | 21916 ||| Stepping randomly (stuck).
 21917 | D:10     | 21917 ||| Stepping randomly (stuck).
 21918 | D:10     | 21918 ||| Stepping randomly (stuck).
 21919 | D:10     | 21919 ||| Stepping randomly (stuck).
 21920 | D:10     | 21920 ||| Stepping randomly (stuck).
 21921 | D:10     | 21921 ||| Stepping randomly (stuck).
 21922 | D:10     | 21922 ||| Stepping randomly (stuck).
 21923 | D:10     | 21923 ||| Stepping randomly (stuck).
 21924 | D:10     | 21924 ||| Stepping randomly (stuck).
 21925 | D:10     | 21925 ||| Stepping randomly (stuck).
 21926 | D:10     | 21926 ||| Stepping randomly (stuck).
 21927 | D:10     | 21927 ||| Stepping randomly (stuck).
 21928 | D:10     | 21928 ||| Stepping randomly (stuck).
 21930 | D:10     | 21930 ||| Stepping randomly (stuck).
 21931 | D:10     | 21931 ||| Stepping randomly (stuck).
 21933 | D:10     | 21933 ||| Stepping randomly (stuck).
 21934 | D:10     | 21934 ||| Stepping randomly (stuck).
 21935 | D:10     | 21935 ||| Stepping randomly (stuck).
 21936 | D:10     | 21936 ||| Stepping randomly (stuck).
 21937 | D:10     | 21937 ||| Stepping randomly (stuck).
 21939 | D:10     | 21939 ||| Stepping randomly (stuck).
 21940 | D:10     | 21940 ||| Stepping randomly (stuck).
 21941 | D:10     | 21941 ||| Stepping randomly (stuck).
 21942 | D:10     | 21942 ||| Stepping randomly (stuck).
 21943 | D:10     | 21943 ||| Stepping randomly (stuck).
 21944 | D:10     | 21944 ||| Stepping randomly (stuck).
 21945 | D:10     | 21945 ||| Stepping randomly (stuck).
 21946 | D:10     | 21946 ||| Stepping randomly (stuck).
 21947 | D:10     | 21947 ||| Stepping randomly (stuck).
 21948 | D:10     | 21948 ||| Stepping randomly (stuck).
 21949 | D:10     | 21949 ||| Stepping randomly (stuck).
 21950 | D:10     | 21950 ||| Stepping randomly (stuck).
 21951 | D:10     | 21951 ||| Stepping randomly (stuck).
 21953 | D:10     | 21953 ||| Stepping randomly (stuck).
 21954 | D:10     | 21954 ||| Stepping randomly (stuck).
 21955 | D:10     | 21955 ||| Stepping randomly (stuck).
 21956 | D:10     | 21956 ||| Stepping randomly (stuck).
 21957 | D:10     | 21957 ||| Stepping randomly (stuck).
 21958 | D:10     | 21958 ||| Stepping randomly (stuck).
 21959 | D:10     | 21959 ||| Stepping randomly (stuck).
 21960 | D:10     | 21960 ||| Stepping randomly (stuck).
 21961 | D:10     | Quit the game

Levels and vault maps discovered:
D:1:      lightli_arrival_isolated_outpost, layout_basic,
          shapermc_ecumenical_altar_pompeii, dreamdust_mushroom_princess,
          lexackson_kobold_supper
D:2:      kennysheep_the_goblin_king, layout_loops_corners, basic_altar,
          st_stairs_6
D:3:      minmay_diamond_boxcup, layout_basic, mainiacjoe_overflow_boulevard,
          led_sif_pool, serial_shops, shop_coins, shop, shop_coins,
          nicolae_shop_stone, glass_columns_a, nicolae_wormholes
D:4:      layout_layer_cave, minmay_temple_entry_glassed_door
D:5:      layout_basic, mainiacjoe_overflow_alcove_1, kennysheep_another_room
D:6:      layout_rooms
D:7:      layout_basic, grunt_temple_overflow_champion_of_chaos
D:8:      layout_basic, david_lair_generic, serial_shops,
          nicolae_lakefront_shop, uniq_maurice, uniq_maggie, uniq_erica,
          uniq_amaemon
D:9:      kennysheep_kobold_camp, layout_basic,
          mainiacjoe_overflow_concentric_impassable,
          ebering_ghost_reflecting_pool
D:10:     kennysheep_windowed_halls, layout_gridville,
          nicolae_shop_firing_range, uniq_sonja
Lair:1:   layout_long_grid, serial_rivers, chequers_serial_rivers_micro_b,
          chequers_serial_rivers_micro_b, chequers_serial_rivers_large_b,
          chequers_serial_rivers_room_a, chequers_serial_rivers_micro_e,
          chequers_serial_rivers_micro_c, grunt_forest_stairs_basic,
          chequers_serial_rivers_small_b, lemuel_fruit_fields
Lair:2:   layout_roguey, swamp_mist, dummy_snake_entry, wad_woods_road_03,
          infiniplex_staircase_pool
Lair:3:   layout_regular_city, grunt_megastairs_4
Lair:4:   layout_roguey
Lair:5:   hellmonk_lair_end_abyssal_woods, layout_hall_layers, slime_entry_2,
          serial_bayou_lake_a

Skill      XL: |  1  2  3  4  5  6  7  8  9 10 11 12 13 |
---------------+----------------------------------------+-----
Axes           | 4 5 6 7 10 12 13 14 15 | 15.1
Armour         | 4 6 7 9 12 13 | 13.7
Fighting       | 4 6 8 10 12 13 15 | 15.1
Dodging        | 3 5 6 7 8 |  8.0
Throwing       | 2 6 7 8 |  8.0
Shields        | 9 |  9.0

Action                   |  1- 3 |  4- 6 |  7- 9 | 10-12 | 13-15 || total
-------------------------+-------+-------+-------+-------+-------++-------
Melee: Hand axe          |   115 |   111 |   192 |   446 |   396 ||  1260
       Headbutt          |    14 |    16 |    38 |   131 |   127 ||   326
       Punch             |       |     1 |     1 |     4 |       ||     6
       Eveningstar       |       |       |       |    18 |    17 ||    35
       War axe           |       |       |       |       |    62 ||    62
Throw: Boomerang         |       |    42 |    20 |    23 |     7 ||    92
       Javelin           |       |       |       |    53 |    29 ||    82
Invok: Berserk           |     1 |     2 |     4 |    27 |     9 ||    43
       Brothers in Arms  |       |       |       |     1 |     1 ||     2
  Use: Scroll            |     4 |     9 |     6 |     8 |    11 ||    38
       Potion            |     2 |     3 |     2 |     2 |     3 ||    12
Armor: Animal skin       |     4 |       |       |       |       ||     4
       Plate armour      |    30 |    39 |    67 |   174 |   207 ||   517
Dodge: Dodged            |    31 |    18 |    55 |   189 |   249 ||   542
Block: Other             |    19 |    15 |    30 |    38 |       ||   102
       Reflection        |     2 |     1 |       |     4 |     7 ||    14
       Buckler           |       |       |       |    80 |   294 ||   374

Table legend:
 A = Non-vault XP
 B = Vault XP
 C = Vault XP percentage of total XP
 D = Non-vault monster count
 E = Vault monster count
 F = Vault count percentage of total count
                 A         B        C        D         E       F
            +---------+---------+-------+---------+---------+-------
      Total |   40316 |   21853 |  35.2 |     301 |     117 |  28.0
            +---------+---------+-------+---------+---------+-------
        D:1 |      32 |      11 |  25.6 |      14 |       8 |  36.4
        D:2 |      31 |      27 |  46.6 |      20 |       8 |  28.6
        D:3 |      19 |      45 |  70.3 |      11 |      12 |  52.2
        D:4 |     323 |       0 |   0.0 |      15 |       0 |   0.0
        D:5 |    1483 |       5 |   0.3 |      20 |       1 |   4.8
        D:6 |    1003 |       0 |   0.0 |      14 |       0 |   0.0
        D:7 |    1277 |      48 |   3.6 |      21 |       1 |   4.5
        D:8 |    2412 |    3892 |  61.7 |      27 |       9 |  25.0
        D:9 |    2568 |     110 |   4.1 |      44 |      21 |  32.3
       D:10 |    2895 |    3678 |  56.0 |      20 |      14 |  41.2
     Lair:1 |    3155 |       0 |   0.0 |      12 |       0 |   0.0
     Lair:2 |    4272 |     193 |   4.3 |      18 |       1 |   5.3
     Lair:3 |    2638 |    3357 |  56.0 |      10 |       7 |  41.2
     Lair:4 |   10713 |       0 |   0.0 |      31 |       0 |   0.0
     Lair:5 |    7495 |   10487 |  58.3 |      24 |      35 |  59.3
            +---------+---------+-------+---------+---------+-------
